 Dungeon Crawl Stone Soup version 0.31-a0-819-gf6de2f5ab6 (webtiles) character file.

Game seed: 1915961130261519881

228519 qw the Slayer (level 19, -15/139 HPs)
             Began as a Gargoyle Hunter on Sept 23, 2023.
             Was an Elder of Okawaru.
             Demolished by a vault guard
             ... wielding a +0 great sword
              (16 damage)
             ... on level 1 of the Vaults.
             The game lasted 00:24:51 (37382 turns).

qw the Slayer (Gargoyle Hunter)                    Turns: 37382, Time: 00:24:52

Health: -15/139    AC: 40    Str: 16    XL:     19   Next: 42%
Magic:  26/26      EV: 27    Int: 11    God:    Okawaru [****..]
Gold:   367        SH:  0    Dex: 19    Spells: 18/18 levels left

rFire   + . .        u - +2 longbow (flame)
rCold   . . .        (shield currently unavailable)
rNeg    + . .        c - +3 ring mail {rF+}
rPois   inf          i - +2 hat
rElec   +            e - +2 cloak
rCorr   .            j - +2 pair of gloves
SInv    +            d - +2 pair of boots
Will    +....        w - amulet of faith
Stlth   +++          b - +5 ring of evasion
HPRegen 0.43/turn    g - ring of see invisible
MPRegen 0.20/turn

%: faith
@: heroic, marked, flying
A: sickness immunity, AC +14, big wings, negative energy resistance 1,
electricity resistance, torment resistance 1, petrification resistance
}: 1/15 runes: barnacled
a: Renounce Religion, Heroism, Finesse


You were on level 1 of the Vaults.
You worshipped Okawaru.
Okawaru was greatly pleased with you.
You visited 7 branches of the dungeon, and saw 31 of its levels.

You collected 4226 gold pieces.
You spent 3859 gold pieces at shops.


Innate Abilities, Weirdness & Mutations

You are immune to sickness and miasma.
Your stone body is resilient. (AC +14)
You are immune to poison.
Your large and strong wings let you fly.
You resist negative energy. (rN+)
You are resistant to electric shocks. (rElec)
You are resistant to unholy torment.
You are immune to petrification.


   Skills:
 - Level 22.0(27) Fighting
 - Level 20.0(25.0) Ranged Weapons
 + Level 13.5(18.5) Armour
 - Level 12.0(17.0) Dodging
 - Level 1.1(6.1) Stealth
 - Level 10.0 Invocations


You had 18 spell levels left.
You didn't know any spells.
Your spell library was empty.

Inventory:

Hand Weapons
 u - a +2 longbow of flaming (weapon)
Armour
 c - a +3 ring mail of fire resistance (worn)
 d - a +2 pair of boots (worn)
 e - a +2 cloak (worn)
 h - the +5 robe of Misfortune {Harm *Corrode *Slow EV+5}
   (You found it on level 3 of the Dungeon)

   EV+5:      It affects your evasion (+5).
   *Corrode:  It may corrode you when you take damage.
   *Slow:     It may slow you when you take damage.
   Harm:      It increases damage dealt and taken.
 i - a +2 hat (worn)
 j - a +2 pair of gloves (worn)
 p - a +4 ring mail
 s - the +2 helmet of Eqextuar {Harm Int+3}
   (You bought it in a shop on level 2 of the Orcish Mines)

   Int+3:     It affects your intelligence (+3).
   Harm:      It increases damage dealt and taken.
 x - a +2 ring mail of cold resistance
Jewellery
 b - a +5 ring of evasion (left hand)
 g - a ring of see invisible (right hand)
 n - a ring of fire
 w - an amulet of faith (around neck)
 y - the ring of False Hope {Fly rCorr Dex+2}
   (You found it on level 4 of the Shoals)

   [ring of flight]

   Dex+2:     It affects your dexterity (+2).
   Fly:       It grants you flight.
   rCorr:     It protects you from acid and corrosion.
 z - the ring "Nuoseg" {rN+ Will+}
   (You bought it in a shop on level 2 of the Orcish Mines)

   [ring of positive energy]

   rN+:       It protects you from negative energy.
   Will+:     It increases your willpower.
 A - a ring of ice
 D - an amulet of regeneration
Scrolls
 a - 15 scrolls of identify
 C - 3 scrolls of enchant armour
 E - 2 scrolls of teleportation
Potions
 f - 2 potions of magic
 k - 14 potions of curing
 l - 7 potions of cancellation
 o - 6 potions of mutation
 q - 4 potions of haste
 r - 3 potions of might
 t - a potion of resistance
 v - a potion of enlightenment
 B - a potion of heal wounds

Dungeon Overview and Level Annotations

Branches:
Dungeon (15/15)            Temple (1/1) D:7            Lair (5/5) D:9
 Shoals (4/4) Lair:2        Snake (3/4) Lair:3        Slime (0/5) Lair:5
    Orc (2/2) D:11            Elf (0/3) Orc:2        Vaults (1/5) D:13
 Depths (0/4) D:15

Altars:
Ashenzari
Cheibriados
Dithmenos
Elyvilon
Fedhas
Gozag
Hepliaklqana
Kikubaaqudgha
Makhleb
Nemelex Xobeh
Okawaru
Qazlal
Ru
Sif Muna
Trog
Uskayaw
Vehumet
Wu Jian
Xom
Yredelemnul
Zin
The Shining One

Shops:
D:2 [**   D:4 :?=   D:6 [   Orc:2 [=[[   Shoals:4 [   Snake:1 [(*?
Snake:2 :=:   Snake:3 (

Annotations:
D:4 1 runed translucent door, Crazy Yiuf
D:5 3 runed translucent doors, qw's ghost, novice GrHu
D:7 2 transporters, Maggie
D:15 3 runed translucent doors, Yakesh's ghost, journeyman MiFi
Lair:1 3 runed translucent doors, qw's ghost, novice MiHs
Lair:3 1 runed translucent door
Lair:5 1 runed translucent door
Shoals:2 Ilsuiw


Message History

You hear a shout! x4
The sphinx barely misses you. The sphinx misses you.
The sphinx hits you but does no damage.
The vault sentinel completely misses you.
The vault guard hits you but does no damage.
The ironbound convoker gestures at the stone giant while chanting.
The stone giant seems to grow stronger.
The vault guard hits you but does no damage.
You shoot an arrow. The arrow hits the stone giant!
The arrow burns the stone giant!
The stone giant is moderately wounded.
The sphinx completely misses you. The sphinx misses you.
The sphinx hits you but does no damage.
You shoot an arrow. The arrow hits the stone giant.
The arrow burns the stone giant.
The stone giant is moderately wounded.
The vault sentinel barely misses you.
The vault guard hits you but does no damage.
The vault guard hits you with a +0 great sword!
The ironbound convoker casts a spell at the vault guard.
The vault guard seems to grow stronger.
The stone giant hits you!!! The sphinx closely misses you.
The sphinx barely misses you. x2
You shoot an arrow. The arrow hits the stone giant!!
The arrow burns the stone giant.
The stone giant is severely wounded.
The vault guard hits you but does no damage.
The vault guard completely misses you.
The vault sentinel points at you and mumbles some strange words.
You barely resist.
The ironbound convoker points at the vault guard and mumbles some strange words.
The vault guard seems to grow stronger.
The stone giant closely misses you. The sphinx misses you.
The sphinx hits you but does no damage. x2
You shoot an arrow.
The arrow completely misses the stone giant.
The sphinx completely misses you. The sphinx misses you. x2
The ironbound convoker casts a spell at the ironbound convoker.
The ironbound convoker seems to grow stronger.
The vault sentinel closely misses you. The stone giant hits you!!!
The vault guard hits you with a +0 great sword!
You die...

##.....# #...(...# ##.....#
#.......# ##.....# .
#.......# ##.....# ..
#.......# #.....# ##.
#.......# #.....# ...
#.......# #.....# ..
#.......#
#.....#######'##C......#
##.............)@pp.......
...............pHp.........
................H..p..p....
...........................
.................:.....##+
###############........#
#........# #........#


You could see a sphinx, a stone giant (strong), 2 vault guards, 2 vault
sentinels, 2 ironbound convokers and a harpy.

Vanquished Creatures
  Vashnia (Snake:2)
  Kirke (Lair:4)
  A nagaraja (Snake:2)
  Aizul (Snake:2)
  Donald (Shoals:2)
  2 orc warlords (Orc:2)
  A caustic shrike zombie (D:15)
  An ironbound preserver (Vaults:1)
  Nessos (D:12)
  3 ironbound thunderhulks
  A dire elephant (Lair:5)
  5 merfolk javelineers
  An ettin (Orc:2)
  3 merfolk impalers
  Josephine (D:10)
  8 hydras
  2 ogre magi (D:15)
  A salamander tyrant (Snake:2)
  A peacekeeper (Vaults:1)
  3 vault guards
  4 centaur warriors
  A death knight (D:14)
  10 two-headed ogres
  An ironbound frostheart (Vaults:1)
  6 boulder beetles
  5 anacondas
  5 merfolk avatars
  5 merfolk aquamancers
  7 naga warriors
  A death yak (Lair:2)
  2 tengu warriors (D:15)
  4 orc high priests (Orc:2)
  8 shock serpents
  17 naga sharpshooters
  A titan zombie (D:15)
  7 skysharks
  Amaemon (D:10)
  A soul eater (D:12)
  A fire crab (Lair:5)
  A sixfirhy (D:12)
  6 skeletal warriors
  3 deep trolls (Vaults:1)
  A salamander mystic (Snake:1)
  Lodul (D:10)
  8 sea snakes
  A flayed ghost (D:15)
  A phantasmal warrior (D:14)
  2 wizards
  8 naga ritualists
  29 harpies
  A lindwurm (Lair:5)
  3 orc knights (Orc:2)
  17 mana vipers
  A necromancer (D:15)
  7 orc sorcerers (Orc:2)
  6 ugly things
  A stone giant zombie (D:15)
  A tengu skeleton (D:15)
  A deep elf pyromancer (D:15)
  9 fauns (Shoals:1)
  11 elephants
  10 manticores
  7 cyclopes
  9 salamanders
  11 merfolk sirens
  A rust devil (D:12)
  3 vault sentinels (Vaults:1)
  Maurice (D:10)
  Joseph (D:7)
  39 black mambas
  2 guardian serpents
  12 naga magi
  7 water nymphs
  3 gargoyles (D:13)
  6 torpor snails
  16 cane toads
  A smoke demon (D:12)
  An orange demon (D:10)
  2 unseen horrors
  10 komodo dragons
  A rime drake (D:9)
  A freezing wraith (D:15)
  2 efreet
  2 hellwings (D:12)
  36 merfolk
  18 trolls
  12 polar bears
  6 wind drakes
  4 tyrant leeches (Lair:5)
  A wolf spider simulacrum (D:15)
  6 hornets (Lair:5)
  3 raiju (Lair:5)
  15 snapping turtles
  35 blink frogs
  28 dream sheep
  Sigmund (D:5)
  6 slime creatures
  8 water elementals
  5 wraiths
  A shadow (D:11)
  30 yaks
  5 basilisks
  12 humans
  4 wyverns
  5 hogs (Lair:4)
  4 chaos spawn (D:12)
  3 steam dragons
  Eustachio (D:4)
  14 vampire mosquitoes
  9 wargs
  34 nagas
  2 acid dragons
  14 hell hounds (Lair:5)
  21 water moccasins
  Duvessa (D:5)
  40 orc warriors
  7 ice beasts
  12 black bears
  A sky beast (D:8)
  14 centaurs
  33 wolves
  29 ogres
  2 phantoms (D:11)
  3 kobold brigands
  3 gnoll sergeants
  13 bullfrogs
  2 scorpions
  4 wights (D:8)
  Dowan (D:5)
  2 troll zombies (D:11)
  4 killer bees (D:7)
  5 electric eels (D:10)
  5 howler monkeys
  A gnoll bouda (D:5)
  29 orc priests
  4 hounds
  An iguana (D:4)
  A scorpion zombie (D:5)
  2 sleepcaps
  23 orc wizards
  A killer bee zombie (D:5)
  4 ogre zombies (D:11)
  17 gnolls
  7 adders
  A white imp (D:7)
  4 worms
  5 dart slugs
  93 orcs
  6 bats
  6 endoplasms
  7 goblins
  7 hobgoblins
  6 jackals
  8 quokkas
  3 ball pythons
  2 frilled lizards
  A goblin skeleton (D:11)
  A goblin zombie (D:11)
  A hobgoblin skeleton (D:11)
  4 hobgoblin zombies (D:11)
  21 kobolds
  2 orc skeletons (D:11)
  10 orc zombies (D:11)
  4 rats
1199 creatures vanquished.

Vanquished Creatures (others)
  A vault guard (D:13)
  A merfolk aquamancer (Shoals:3)
  A wind drake (Shoals:4)
  A polar bear (Lair:5)
  An orc priest (Orc:2)
  An orc wizard (Orc:2)
  An orc (Orc:2)
7 creatures vanquished.

Grand Total: 1206 creatures vanquished

Notes
Turn   | Place    | Note
-------+----------+-------------------------------------------
     0 | D:1      | qw the Gargoyle Hunter began the quest for the Orb.
     0 | D:1      | Reached XP level 1. HP: 12/12 MP: 1/1
     0 | D:1      | 0 ||| qw: Version: 0.3-a-83-gcd0e7d8
     0 | D:1      | 0 ||| qw: Game counter: 1735
     0 | D:1      | 0 ||| qw: Melee chars always use a shield: true
     0 | D:1      | 0 ||| qw: God list: Okawaru
     0 | D:1      | 0 ||| qw: Allow faded altars: false
     0 | D:1      | 0 ||| qw: Do Orc after clearing Dungeon:15 true
     0 | D:1      | 0 ||| qw: Do second Lair branch before Depths: true
     0 | D:1      | 0 ||| qw: Lair rune preference: random
     0 | D:1      | 0 ||| qw: Goals: Normal
     0 | D:1      | 0 ||| PLANNING D:1-11
   218 | D:1      | Reached XP level 2. HP: 9/17 MP: 2/2
   718 | D:1      | 718 ||| UPGRADING to +2 pair of gloves.
   723 | D:1      | 723 ||| READING scroll labelled QOUXEIDDORPH.
   724 | D:1      | 724 ||| READING scroll labelled JUT QOWNUP.
   825 | D:1      | 825 ||| DRINKING 2 gluggy clear potions.
   852 | D:1      | 852 ||| DROPPING scroll of butterflies.
   853 | D:1      | 853 ||| DROPPING potion of lignification.
   905 | D:2      | Found Guiziumn's General Store.
   914 | D:2      | 914 ||| BUYING potion of curing (42 gold).
   914 | D:2      | Bought a potion of curing for 42 gold pieces
   914 | D:2      | 914 ||| SHOPLISTING potion of enlightenment (70 gold, have
                  | 53).
   914 | D:2      | 914 ||| SHOPLISTING potion of might (56 gold, have 53).
   914 | D:2      | 914 ||| BUYING scroll of identify (28 gold).
   914 | D:2      | Bought a scroll of identify for 28 gold pieces
   994 | D:2      | Reached XP level 3. HP: 21/21 MP: 3/3
   999 | D:2      | Found Awne Roi's General Store.
  1004 | D:2      | 1004 ||| SHOPLISTING +0 leather armour of fire resistance
                  | (126 gold, have 25).
  1004 | D:2      | 1004 ||| SHOPLISTING +1 robe of positive energy (135 gold,
                  | have 25).
  1004 | D:2      | 1004 ||| SHOPLISTING potion of mutation (112 gold, have
                  | 25).
  1024 | D:2      | Found Biula's Antique Armour Boutique.
  1028 | D:2      | 1028 ||| SHOPLISTING crude ring mail (225 gold, have 25).
  1459 | D:2      | Reached skill level 3 in Fighting
  1459 | D:2      | Reached XP level 4. HP: 28/28 MP: 4/4
  1568 | D:2      | 1568 ||| UPGRADING to +0 ring mail.
  1578 | D:2      | 1578 ||| DROPPING +0 leather armour.
  1579 | D:2      | 1579 ||| DROPPING ring of flight.
  1580 | D:2      | 1580 ||| READING scroll labelled KOYCWESHRUIXT.
  1581 | D:2      | 1581 ||| READING scroll labelled HEPNAOKUOM.
  1585 | D:2      | 1585 ||| READING scroll labelled UBAWKA QYCREPN.
  1585 | D:2      | Identified a scroll of acquirement
  1585 | D:2      | 1585 ||| ACQUIRING 799 gold pieces
  1585 | D:2      | Acquired 799 gold pieces
  1587 | D:2      | 1587 ||| READING 4 scrolls labelled YGOUSM NIATHRUOV.
  1588 | D:2      | 1588 ||| DRINKING 3 fuming black potions.
  1589 | D:2      | 1589 ||| READING 3 scrolls of identify.
  1589 | D:2      | 1589 ||| IDENTIFYING fizzy orange potion
  1590 | D:2      | 1590 ||| READING 2 scrolls of identify.
  1590 | D:2      | 1590 ||| IDENTIFYING ruby potion
  1591 | D:2      | 1591 ||| DROPPING potion of degeneration.
  1592 | D:2      | 1592 ||| DROPPING potion of attraction.
  1593 | D:2      | 1593 ||| DROPPING 2 potions of brilliance.
  1802 | D:3      | Reached skill level 1 in Armour
  2093 | D:3      | Found the +5 robe of Misfortune {Harm *Corrode *Slow EV+5}
  2572 | D:3      | 2572 ||| UPGRADING to +0 leather armour of fire resistance.
  2582 | D:3      | 2582 ||| UPGRADING to +3 ring mail of fire resistance.
  2592 | D:3      | 2592 ||| DROPPING +0 leather armour of fire resistance.
  2593 | D:3      | 2593 ||| UPGRADING to +0 cloak.
  2598 | D:3      | 2598 ||| DROPPING +0 ring mail.
  2599 | D:3      | 2599 ||| UPGRADING to +1 hat.
  2604 | D:3      | 2604 ||| READING 3 scrolls of enchant armour.
  2604 | D:3      | 2604 ||| ENCHANTING +1 hat.
  2605 | D:3      | 2605 ||| READING 2 scrolls of enchant armour.
  2605 | D:3      | 2605 ||| ENCHANTING +0 cloak.
  2606 | D:3      | 2606 ||| READING scroll of enchant armour.
  2606 | D:3      | 2606 ||| ENCHANTING +1 cloak.
  2607 | D:3      | 2607 ||| DROPPING amulet of magic regeneration.
  2608 | D:3      | 2608 ||| READING scroll labelled ZEMI QAYTZI.
  2652 | D:4      | Reached XP level 5. HP: 32/32 MP: 5/5
  2675 | D:4      | Found Puugru's Magic Scroll Boutique.
  2697 | D:4      | Reached skill level 6 in Ranged Weapons
  2744 | D:4      | 2744 ||| BUYING scroll of identify (20 gold).
  2744 | D:4      | Bought a scroll of identify for 20 gold pieces
  2744 | D:4      | 2744 ||| BUYING scroll of identify (20 gold).
  2744 | D:4      | Bought a scroll of identify for 20 gold pieces
  2744 | D:4      | 2744 ||| BUYING scroll of identify (20 gold).
  2744 | D:4      | Bought a scroll of identify for 20 gold pieces
  2744 | D:4      | 2744 ||| BUYING scroll of identify (20 gold).
  2744 | D:4      | Bought a scroll of identify for 20 gold pieces
  2747 | D:4      | Found Isminah's Jewellery Shop.
  2757 | D:4      | 2757 ||| BUYING +5 ring of evasion (360 gold).
  2757 | D:4      | Bought a +5 ring of evasion for 360 gold pieces
  2757 | D:4      | 2757 ||| BUYING +6 ring of strength (360 gold).
  2757 | D:4      | Bought a +6 ring of strength for 360 gold pieces
  2757 | D:4      | 2757 ||| SHOPLISTING amulet of reflection (300 gold, have
                  | 166).
  2757 | D:4      | 2757 ||| SHOPLISTING ring of fire (250 gold, have 166).
  2757 | D:4      | 2757 ||| BUYING ring of see invisible (150 gold).
  2757 | D:4      | Bought a ring of see invisible for 150 gold pieces
  2908 | D:4      | Found a runed translucent door.
  2909 | D:4      | Noticed Crazy Yiuf
  2930 | D:4      | Found Ymuman's Self-Improvement Boutique.
  3080 | D:4      | Identified the +0 ring mail of Starshine {Str+4}
  3144 | D:4      | Noticed Eustachio
  3147 | D:4      | 3147 ||| Stepping ~*~*~tactically~*~*~ (retreating).
  3148 | D:4      | 3148 ||| Stepping ~*~*~tactically~*~*~ (retreating).
  3149 | D:4      | 3149 ||| RETREEAATING.
  3150 | D:4      | 3150 ||| STILL RETREEAATING.
  3174 | D:4      | Killed Eustachio
  3175 | D:4      | Reached skill level 5 in Fighting
  3175 | D:4      | Reached XP level 6. HP: 35/40 MP: 6/6
  3255 | D:4      | Found a snail-covered altar of Cheibriados.
  3427 | D:4      | Found a glowing silver altar of Zin.
  3533 | D:4      | 3533 ||| DROPPING +0 ring mail of Starshine {Str+4}.
  3534 | D:4      | 3534 ||| UPGRADING to +5 ring of evasion.
  3535 | D:4      | 3535 ||| UPGRADING to +6 ring of strength.
  3536 | D:4      | 3536 ||| UPGRADING to ring of see invisible.
  3538 | D:4      | 3538 ||| READING 6 scrolls of identify.
  3538 | D:4      | 3538 ||| IDENTIFYING sedimented puce potion
  3539 | D:4      | 3539 ||| READING 5 scrolls of identify.
  3539 | D:4      | 3539 ||| IDENTIFYING fuming purple potion
  3599 | D:5      | Entered Level 5 of the Dungeon
  3603 | D:5      | 3603 ||| STAIRDANCE
  3734 | D:5      | 3734 ||| STAIRDANCE
  3881 | D:5      | 3881 ||| STAIRDANCE
  3898 | D:4      | Reached XP level 7. HP: 40/44 MP: 7/7
  4027 | D:5      | 4027 ||| STAIRDANCE
  4029 | D:5      | 4029 ||| STAIRDANCE
  4031 | D:4      | 4031 ||| DRINKING 3 potions of curing.
  4031 | D:4      | 4031 ||| (to cure confusion)
  4180 | D:5      | 4180 ||| STAIRDANCE
  4365 | D:5      | 4365 ||| STAIRDANCE
  4534 | D:5      | 4534 ||| DRINKING 2 potions of curing.
  4534 | D:5      | 4534 ||| (to cure confusion)
  4560 | D:5      | Noticed Duvessa
  4561 | D:5      | Noticed Dowan
  4590 | D:5      | HP: 11/44 [Duvessa/+0 short sword of protection (1)]
  4591 | D:5      | 4591 ||| DRINKING potion of heal wounds.
  4594 | D:5      | Killed Duvessa
  4600 | D:5      | Killed Dowan
  4870 | D:5      | Noticed Sigmund
  4886 | D:5      | Killed Sigmund
  4887 | D:5      | Reached skill level 3 in Dodging
  4887 | D:5      | Reached XP level 8. HP: 49/49 MP: 8/8
  4912 | D:5      | Found a runed translucent gate.
  4912 | D:5      | Found a runed translucent gate.
  4912 | D:5      | Found a runed translucent gate.
  4912 | D:5      | Noticed qw's ghost (novice GrHu)
  4966 | D:5      | Found a basalt altar of Yredelemnul.
  5098 | D:5      | Identified the +0 scale mail of Purpose {Harm +Inv rPois
                  | rC-}
  5361 | D:5      | 5361 ||| READING scroll labelled JITSIU FUNEA.
  5394 | D:5      | 5394 ||| READING 4 scrolls of identify.
  5394 | D:5      | 5394 ||| IDENTIFYING cyan potion
  5419 | D:6      | 5419 ||| STAIRDANCE
  5429 | D:5      | Reached skill level 9 in Ranged Weapons
  5534 | D:6      | Found Gonux's Antique Armour Emporium.
  5542 | D:6      | 5542 ||| SHOPLISTING embroidered scarf (208 gold, have
                  | 168).
  5542 | D:6      | 5542 ||| BUYING pair of boots (117 gold).
  5542 | D:6      | Bought a pair of boots for 117 gold pieces
  5542 | D:6      | 5542 ||| SHOPLISTING shiny ring mail (182 gold, have 51).
  5697 | D:6      | Reached skill level 6 in Fighting
  5914 | D:6      | Identified the +4 falchion of the Crafting Dove {heavy,
                  | rElec Int+2}
  6024 | D:6      | 6024 ||| UPGRADING to +0 pair of boots.
  6029 | D:6      | 6029 ||| READING scroll labelled REACSIUDAAT.
  6030 | D:6      | 6030 ||| READING scroll labelled QAARESI GAENITI.
  6101 | D:7      | 6101 ||| Stepping ~*~*~tactically~*~*~ (retreating).
  6104 | D:7      | 6104 ||| Stepping ~*~*~tactically~*~*~ (retreating).
  6117 | D:7      | Reached skill level 3 in Armour
  6117 | D:7      | Reached XP level 9. HP: 54/55 MP: 9/9
  6158 | D:7      | Found a staircase to the Ecumenical Temple.
  6159 | D:7      | 6159 ||| PLANNING TEMPLE
  6173 | Temple   | Entered the Ecumenical Temple
  6174 | Temple   | 6174 ||| PLANNING OKAWARU WORSHIP
  6200 | Temple   | Became a worshipper of Warmaster Okawaru
  6201 | Temple   | 6201 ||| PLANNING D:1-11
  6241 | D:7      | Found a transporter.
  6328 | D:7      | Noticed a gargoyle
  6330 | D:7      | Noticed a troll
  6333 | D:7      | Found a transporter.
  6366 | D:7      | 6366 ||| FLEEEEING.
  6367 | D:7      | 6367 ||| FLEEEEING.
  6368 | D:7      | 6368 ||| FLEEEEING.
  6369 | D:7      | 6369 ||| FLEEEEING.
  6370 | D:7      | 6370 ||| FLEEEEING.
  6371 | D:7      | 6371 ||| FLEEEEING.
  6372 | D:7      | 6372 ||| FLEEEEING.
  6373 | D:7      | 6373 ||| FLEEEEING.
  6374 | D:7      | 6374 ||| FLEEEEING.
  6375 | D:7      | 6375 ||| FLEEEEING.
  6376 | D:7      | 6376 ||| FLEEEEING.
  6377 | D:7      | 6377 ||| FLEEEEING.
  6378 | D:7      | 6378 ||| FLEEEEING.
  6379 | D:7      | 6379 ||| FLEEEEING.
  6380 | D:7      | 6380 ||| FLEEEEING.
  6381 | D:7      | 6381 ||| FLEEEEING.
  6382 | D:7      | 6382 ||| FLEEEEING.
  6383 | D:7      | 6383 ||| FLEEEEING.
  6384 | D:7      | 6384 ||| FLEEEEING.
  6385 | D:7      | 6385 ||| FLEEEEING.
  6386 | D:7      | 6386 ||| FLEEEEING.
  6387 | D:7      | 6387 ||| FLEEEEING.
  6388 | D:7      | 6388 ||| FLEEEEING.
  6389 | D:7      | 6389 ||| FLEEEEING.
  6390 | D:7      | Noticed a two-headed ogre
  6522 | D:7      | Reached skill level 7 in Fighting
  6546 | D:7      | 6546 ||| Stepping ~*~*~tactically~*~*~ (retreating).
  6638 | D:7      | Reached * piety under Okawaru
  6647 | D:7      | Noticed Joseph
  6649 | D:7      | 6649 ||| FLEEEEING.
  6650 | D:7      | 6650 ||| FLEEEEING.
  6659 | D:7      | 6659 ||| INVOKING Heroism.
  6668 | D:7      | 6668 ||| INVOKING Heroism.
  6673 | D:7      | Killed Joseph
  6681 | D:7      | 6681 ||| INVOKING Heroism.
  6889 | D:7      | Noticed a troll
  6890 | D:7      | Noticed Maggie
  7039 | D:7      | 7039 ||| READING 2 scrolls labelled CULAK ZECSAMEV.
  7040 | D:7      | 7040 ||| DROPPING scroll of vulnerability.
  7079 | D:8      | Found an opulent altar of Gozag.
  7101 | D:8      | 7101 ||| Stepping ~*~*~tactically~*~*~ (retreating).
  7102 | D:8      | 7102 ||| Stepping ~*~*~tactically~*~*~ (retreating).
  7103 | D:8      | 7103 ||| Stepping ~*~*~tactically~*~*~ (retreating).
  7110 | D:8      | Reached skill level 1 in Invocations
  7142 | D:8      | 7142 ||| SWAPPING to +0 orcbow.
  7143 | D:8      | 7143 ||| DROPPING +0 heavy shortbow.
  7538 | D:8      | Reached XP level 10. HP: 59/64 MP: 11/11
  7571 | D:8      | 7571 ||| Stepping ~*~*~tactically~*~*~ (retreating).
  7572 | D:8      | 7572 ||| Stepping ~*~*~tactically~*~*~ (retreating).
  7597 | D:8      | Reached skill level 3 in Invocations
  7668 | D:8      | 7668 ||| READING scroll of enchant armour.
  7668 | D:8      | 7668 ||| ENCHANTING +0 pair of boots.
  7775 | D:8      | Reached skill level 8 in Fighting
  7929 | D:8      | Noticed a two-headed ogre
  7930 | D:8      | 7930 ||| INVOKING Heroism.
  7951 | D:8      | Killed a two-headed ogre
  7951 | D:8      | Reached ** piety under Okawaru
  7991 | D:8      | 7991 ||| INVOKING Heroism.
  8137 | D:8      | 8137 ||| READING scroll labelled PONONTE GIOFI.
  8138 | D:8      | 8138 ||| READING scroll labelled BOUCUI DEIRPHAT.
  8174 | D:9      | Noticed a two-headed ogre
  8175 | D:9      | 8175 ||| INVOKING Heroism.
  8190 | D:9      | Killed a two-headed ogre
  8191 | D:9      | Reached skill level 12 in Ranged Weapons
  8203 | D:9      | Found a flagged portal.
  8269 | D:9      | Found a radiant altar of Vehumet.
  8286 | D:9      | 8286 ||| RETREEAATING.
  8310 | D:9      | Noticed a boulder beetle
  8311 | D:9      | 8311 ||| RETREEAATING.
  8314 | D:9      | 8314 ||| Stepping ~*~*~tactically~*~*~ (retreating).
  8315 | D:9      | 8315 ||| Stepping ~*~*~tactically~*~*~ (retreating).
  8316 | D:9      | 8316 ||| INVOKING Heroism.
  8348 | D:9      | 8348 ||| INVOKING Heroism.
  8354 | D:9      | Killed a boulder beetle
  8368 | D:9      | Reached XP level 11. HP: 47/69 MP: 14/14
  8370 | D:9      | Reached skill level 9 in Fighting
  8453 | D:9      | Found a staircase to the Lair.
  9130 | D:9      | 9130 ||| PLANNING LAIR
  9130 | D:9      | 9130 ||| DRINKING 2 inky potions.
  9160 | Lair:1   | Entered Level 1 of the Lair of Beasts
  9166 | Lair:1   | 9166 ||| INVOKING Heroism.
  9236 | Lair:1   | 9236 ||| INVOKING Heroism.
  9293 | Lair:1   | 9293 ||| INVOKING Heroism.
  9330 | Lair:1   | Noticed a minotaur
  9331 | Lair:1   | Noticed qw's ghost (novice MiHs)
  9331 | Lair:1   | Noticed an eight-headed hydra
  9414 | Lair:1   | Identified the +0 leather armour of Leaves {rElec Regen+
                  | rCorr Dex-5 SInv}
  9517 | Lair:1   | Found a runed translucent gate.
  9517 | Lair:1   | Found a runed translucent gate.
  9517 | Lair:1   | Found a runed translucent gate.
  9522 | Lair:1   | 9522 ||| INVOKING Heroism.
  9652 | Lair:1   | 9652 ||| INVOKING Heroism.
  9664 | Lair:1   | Reached *** piety under Okawaru
  9823 | Lair:1   | 9823 ||| RETREEAATING.
  9825 | Lair:1   | 9825 ||| STILL RETREEAATING.
  9826 | Lair:1   | 9826 ||| Stepping ~*~*~tactically~*~*~ (water).
  9827 | Lair:1   | 9827 ||| STILL RETREEAATING.
  9828 | Lair:1   | 9828 ||| STILL RETREEAATING.
  9829 | Lair:1   | 9829 ||| STILL RETREEAATING.
  9830 | Lair:1   | 9830 ||| STILL RETREEAATING.
  9831 | Lair:1   | 9831 ||| STILL RETREEAATING.
  9837 | Lair:1   | 9837 ||| RETREEAATING.
  9838 | Lair:1   | 9838 ||| Stepping ~*~*~tactically~*~*~ (retreating).
  9839 | Lair:1   | 9839 ||| Stepping ~*~*~tactically~*~*~ (retreating).
  9840 | Lair:1   | 9840 ||| Stepping ~*~*~tactically~*~*~ (retreating).
  9841 | Lair:1   | 9841 ||| Stepping ~*~*~tactically~*~*~ (retreating).
  9842 | Lair:1   | 9842 ||| Stepping ~*~*~tactically~*~*~ (retreating).
  9843 | Lair:1   | 9843 ||| Stepping ~*~*~tactically~*~*~ (retreating).
  9844 | Lair:1   | 9844 ||| INVOKING Heroism.
  9861 | Lair:1   | 9861 ||| Stepping ~*~*~tactically~*~*~ (retreating).
  9874 | Lair:1   | 9874 ||| INVOKING Heroism.
  9898 | Lair:1   | Reached skill level 10 in Fighting
 10155 | Lair:1   | 10155 ||| DROPPING +0 leather armour of Leaves {rElec
                  | Regen+ rCorr Dex-5 SInv}.
 10156 | Lair:1   | 10156 ||| READING scroll labelled REGASEIROB.
 10157 | Lair:1   | 10157 ||| READING 7 scrolls of identify.
 10157 | Lair:1   | 10157 ||| IDENTIFYING amethyst potion
 10178 | Lair:2   | 10178 ||| STAIRDANCE
 10210 | Lair:2   | 10210 ||| INVOKING Heroism.
 10216 | Lair:2   | 10216 ||| STAIRDANCE
 10278 | Lair:2   | Identified the +0 robe of the Old and Reckless {Int+2}
 10280 | Lair:2   | Noticed a boulder beetle
 10281 | Lair:2   | 10281 ||| INVOKING Heroism.
 10294 | Lair:2   | HP: 18/72 [boulder beetle (1)]
 10295 | Lair:2   | 10295 ||| READING scroll of teleportation.
 10298 | Lair:2   | 10298 ||| FLEEEEING.
 10299 | Lair:2   | 10299 ||| FLEEEEING.
 10300 | Lair:2   | 10300 ||| FLEEEEING.
 10300 | Lair:2   | Noticed an eight-headed hydra
 10307 | Lair:2   | HP: 17/72 [eight-headed hydra (5)]
 10308 | Lair:2   | 10308 ||| DRINKING 5 potions of heal wounds.
 10312 | Lair:2   | HP: 18/72 [eight-headed hydra (1)]
 10313 | Lair:2   | 10313 ||| DRINKING 4 potions of heal wounds.
 10315 | Lair:2   | 10315 ||| INVOKING Heroism.
 10319 | Lair:2   | Killed an eight-headed hydra
 10457 | Lair:2   | 10457 ||| INVOKING Heroism.
 10498 | Lair:2   | 10498 ||| INVOKING Heroism.
 10598 | Lair:2   | 10598 ||| INVOKING Heroism.
 10631 | Lair:2   | 10631 ||| INVOKING Heroism.
 10699 | Lair:2   | 10699 ||| INVOKING Heroism.
 10716 | Lair:2   | Reached skill level 15 in Ranged Weapons
 10716 | Lair:2   | Reached XP level 12. HP: 70/77 MP: 13/15
 10819 | Lair:2   | Reached skill level 6 in Armour
 10892 | Lair:2   | Found a staircase to the Shoals.
 10902 | Lair:2   | 10902 ||| INVOKING Heroism.
 10925 | Lair:2   | 10925 ||| DROPPING +0 robe of the Old and Reckless {Int+2}.
 10930 | Lair:2   | HP: 19/77 [boulder beetle (17)]
 10931 | Lair:2   | 10931 ||| DRINKING 4 potions of heal wounds.
 10932 | Lair:2   | 10932 ||| INVOKING Heroism.
 10939 | Lair:2   | Killed a boulder beetle
 11074 | Lair:2   | 11074 ||| RETREEAATING.
 11075 | Lair:2   | 11075 ||| INVOKING Heroism.
 11077 | Lair:2   | 11077 ||| STILL RETREEAATING.
 11081 | Lair:2   | 11081 ||| STILL RETREEAATING.
 11082 | Lair:2   | 11082 ||| STILL RETREEAATING.
 11083 | Lair:2   | 11083 ||| STILL RETREEAATING.
 11093 | Lair:2   | 11093 ||| STILL RETREEAATING.
 11094 | Lair:2   | 11094 ||| STILL RETREEAATING.
 11099 | Lair:2   | 11099 ||| INVOKING Heroism.
 11408 | Lair:2   | 11408 ||| RETREEAATING.
 11409 | Lair:2   | 11409 ||| INVOKING Heroism.
 11411 | Lair:2   | 11411 ||| STILL RETREEAATING.
 11412 | Lair:2   | 11412 ||| STILL RETREEAATING.
 11414 | Lair:2   | 11414 ||| STILL RETREEAATING.
 11415 | Lair:2   | 11415 ||| Stepping ~*~*~tactically~*~*~ (retreating).
 11416 | Lair:2   | 11416 ||| Stepping ~*~*~tactically~*~*~ (retreating).
 11417 | Lair:2   | 11417 ||| Stepping ~*~*~tactically~*~*~ (retreating).
 11418 | Lair:2   | 11418 ||| Stepping ~*~*~tactically~*~*~ (retreating).
 11419 | Lair:2   | 11419 ||| Stepping ~*~*~tactically~*~*~ (retreating).
 11431 | Lair:2   | 11431 ||| STILL RETREEAATING.
 11435 | Lair:2   | Reached **** piety under Okawaru
 11439 | Lair:2   | 11439 ||| INVOKING Heroism.
 11567 | Lair:2   | 11567 ||| INVOKING Heroism.
 11579 | Lair:2   | 11579 ||| RETREEAATING.
 11580 | Lair:2   | 11580 ||| STILL RETREEAATING.
 11581 | Lair:2   | 11581 ||| Stepping ~*~*~tactically~*~*~ (retreating).
 11582 | Lair:2   | 11582 ||| Stepping ~*~*~tactically~*~*~ (retreating).
 11584 | Lair:2   | 11584 ||| Stepping ~*~*~tactically~*~*~ (retreating).
 11585 | Lair:2   | 11585 ||| Stepping ~*~*~tactically~*~*~ (retreating).
 11586 | Lair:2   | 11586 ||| Stepping ~*~*~tactically~*~*~ (retreating).
 11587 | Lair:2   | 11587 ||| Stepping ~*~*~tactically~*~*~ (retreating).
 11588 | Lair:2   | 11588 ||| Stepping ~*~*~tactically~*~*~ (retreating).
 11589 | Lair:2   | 11589 ||| Stepping ~*~*~tactically~*~*~ (retreating).
 11590 | Lair:2   | 11590 ||| Stepping ~*~*~tactically~*~*~ (retreating).
 11601 | Lair:2   | 11601 ||| INVOKING Heroism.
 11629 | Lair:2   | 11629 ||| INVOKING Heroism.
 11774 | Lair:2   | 11774 ||| INVOKING Heroism.
 11780 | Lair:2   | Noticed a skyshark
 11781 | Lair:2   | 11781 ||| RETREEAATING.
 11782 | Lair:2   | 11782 ||| STILL RETREEAATING.
 11783 | Lair:2   | 11783 ||| STILL RETREEAATING.
 11793 | Lair:2   | 11793 ||| Stepping ~*~*~tactically~*~*~ (retreating).
 11794 | Lair:2   | 11794 ||| Stepping ~*~*~tactically~*~*~ (retreating).
 11795 | Lair:2   | 11795 ||| Stepping ~*~*~tactically~*~*~ (retreating).
 11796 | Lair:2   | 11796 ||| Stepping ~*~*~tactically~*~*~ (retreating).
 11797 | Lair:2   | 11797 ||| Stepping ~*~*~tactically~*~*~ (retreating).
 11799 | Lair:2   | 11799 ||| Stepping ~*~*~tactically~*~*~ (retreating).
 11809 | Lair:2   | Killed a skyshark
 11810 | Lair:2   | Reached skill level 11 in Fighting
 11810 | Lair:2   | 11810 ||| INVOKING Heroism.
 11847 | Lair:2   | Noticed a death yak
 11848 | Lair:2   | 11848 ||| INVOKING Heroism.
 11863 | Lair:2   | Killed a death yak
 11954 | Lair:2   | 11954 ||| READING 2 scrolls labelled MEFIUSH NIUB.
 11955 | Lair:2   | 11955 ||| DROPPING scroll of fog.
 11977 | Lair:3   | 11977 ||| RETREEAATING.
 11978 | Lair:3   | 11978 ||| STILL RETREEAATING.
 11979 | Lair:3   | 11979 ||| Stepping ~*~*~tactically~*~*~ (retreating).
 11980 | Lair:3   | 11980 ||| Stepping ~*~*~tactically~*~*~ (retreating).
 11981 | Lair:3   | 11981 ||| Stepping ~*~*~tactically~*~*~ (retreating).
 11982 | Lair:3   | 11982 ||| Stepping ~*~*~tactically~*~*~ (retreating).
 11983 | Lair:3   | 11983 ||| INVOKING Heroism.
 12039 | Lair:3   | 12039 ||| READING scroll of enchant weapon.
 12039 | Lair:3   | 12039 ||| ENCHANTING +1 orcbow.
 12077 | Lair:3   | 12077 ||| INVOKING Heroism.
 12121 | Lair:3   | 12121 ||| INVOKING Heroism.
 12150 | Lair:3   | 12150 ||| INVOKING Heroism.
 12156 | Lair:3   | Reached skill level 12 in Fighting
 12187 | Lair:3   | 12187 ||| RETREEAATING.
 12188 | Lair:3   | 12188 ||| STILL RETREEAATING.
 12189 | Lair:3   | 12189 ||| STILL RETREEAATING.
 12196 | Lair:3   | 12196 ||| Stepping ~*~*~tactically~*~*~ (retreating).
 12197 | Lair:3   | 12197 ||| Stepping ~*~*~tactically~*~*~ (retreating).
 12201 | Lair:3   | Reached XP level 13. HP: 86/86 MP: 15/17
 12247 | Lair:3   | Reached skill level 6 in Invocations
 12290 | Lair:3   | 12290 ||| RETREEAATING.
 12295 | Lair:3   | 12295 ||| RETREEAATING.
 12300 | Lair:3   | 12300 ||| Stepping ~*~*~tactically~*~*~ (retreating).
 12301 | Lair:3   | 12301 ||| Stepping ~*~*~tactically~*~*~ (retreating).
 12367 | Lair:3   | 12367 ||| INVOKING Heroism.
 12388 | Lair:3   | 12388 ||| INVOKING Heroism.
 12676 | Lair:3   | 12676 ||| INVOKING Heroism.
 12742 | Lair:3   | Found a runed translucent door.
 12742 | Lair:3   | Noticed a tentacled starspawn
 13122 | Lair:3   | Reached skill level 6 in Dodging
 13230 | Lair:3   | 13230 ||| INVOKING Heroism.
 13518 | Lair:3   | 13518 ||| INVOKING Heroism.
 13647 | Lair:3   | Found a staircase to the Snake Pit.
 13912 | Lair:4   | 13912 ||| Stepping ~*~*~tactically~*~*~ (retreating).
 13914 | Lair:4   | 13914 ||| Stepping ~*~*~tactically~*~*~ (retreating).
 13915 | Lair:4   | 13915 ||| INVOKING Heroism.
 13974 | Lair:4   | 13974 ||| FLEEEEING.
 13975 | Lair:4   | 13975 ||| FLEEEEING.
 13976 | Lair:4   | 13976 ||| FLEEEEING.
 13977 | Lair:4   | 13977 ||| FLEEEEING.
 13978 | Lair:4   | 13978 ||| FLEEEEING.
 13980 | Lair:4   | 13980 ||| FLEEEEING.
 13981 | Lair:4   | 13981 ||| FLEEEEING.
 13982 | Lair:4   | 13982 ||| FLEEEEING.
 13985 | Lair:4   | 13985 ||| FLEEEEING.
 13986 | Lair:4   | 13986 ||| FLEEEEING.
 13987 | Lair:4   | 13987 ||| INVOKING Heroism.
 14251 | Lair:4   | 14251 ||| INVOKING Heroism.
 14296 | Lair:4   | Reached ***** piety under Okawaru
 14304 | Lair:4   | Reached skill level 9 in Invocations
 14304 | Lair:4   | 14304 ||| INVOKING Heroism.
 14310 | Lair:4   | Reached skill level 13 in Fighting
 14335 | Lair:4   | 14335 ||| INVOKING Heroism.
 14376 | Lair:4   | 14376 ||| FLEEEEING.
 14377 | Lair:4   | 14377 ||| FLEEEEING.
 14378 | Lair:4   | 14378 ||| FLEEEEING.
 14379 | Lair:4   | 14379 ||| INVOKING Heroism.
 14591 | Lair:4   | 14591 ||| Stepping ~*~*~tactically~*~*~ (retreating).
 14595 | Lair:4   | 14595 ||| Stepping ~*~*~tactically~*~*~ (retreating).
 14596 | Lair:4   | 14596 ||| Stepping ~*~*~tactically~*~*~ (retreating).
 14598 | Lair:4   | 14598 ||| RETREEAATING.
 14602 | Lair:4   | 14602 ||| Stepping ~*~*~tactically~*~*~ (retreating).
 14603 | Lair:4   | 14603 ||| Stepping ~*~*~tactically~*~*~ (retreating).
 14604 | Lair:4   | 14604 ||| Stepping ~*~*~tactically~*~*~ (retreating).
 14605 | Lair:4   | 14605 ||| Stepping ~*~*~tactically~*~*~ (retreating).
 14606 | Lair:4   | 14606 ||| Stepping ~*~*~tactically~*~*~ (retreating).
 14607 | Lair:4   | 14607 ||| Stepping ~*~*~tactically~*~*~ (retreating).
 14608 | Lair:4   | 14608 ||| Stepping ~*~*~tactically~*~*~ (retreating).
 14627 | Lair:4   | 14627 ||| INVOKING Heroism.
 14669 | Lair:4   | Received a gift from Okawaru
 14839 | Lair:4   | 14839 ||| RETREEAATING.
 14846 | Lair:4   | 14846 ||| STILL RETREEAATING.
 14847 | Lair:4   | 14847 ||| STILL RETREEAATING.
 14849 | Lair:4   | 14849 ||| STILL RETREEAATING.
 14851 | Lair:4   | Noticed Kirke
 14852 | Lair:4   | 14852 ||| Stepping ~*~*~tactically~*~*~ (retreating).
 14857 | Lair:4   | Gained mutation: Your large and strong wings let you fly.
                  | [Gargoyle growth]
 14857 | Lair:4   | Reached XP level 14. HP: 94/94 MP: 21/21
 14864 | Lair:4   | 14864 ||| INVOKING Heroism.
 14865 | Lair:4   | 14865 ||| DRINKING potion of cancellation.
 14866 | Lair:4   | 14866 ||| RETREEAATING.
 14867 | Lair:4   | 14867 ||| STILL RETREEAATING.
 14868 | Lair:4   | 14868 ||| STILL RETREEAATING.
 14869 | Lair:4   | 14869 ||| STILL RETREEAATING.
 14870 | Lair:4   | 14870 ||| STILL RETREEAATING.
 14871 | Lair:4   | 14871 ||| STILL RETREEAATING.
 14872 | Lair:4   | 14872 ||| STILL RETREEAATING.
 14878 | Lair:4   | 14878 ||| INVOKING Finesse.
 14880 | Lair:4   | 14880 ||| Stepping ~*~*~tactically~*~*~ (retreating).
 14881 | Lair:4   | 14881 ||| STILL RETREEAATING.
 14882 | Lair:4   | 14882 ||| STILL RETREEAATING.
 14883 | Lair:4   | 14883 ||| STILL RETREEAATING.
 14884 | Lair:4   | 14884 ||| STILL RETREEAATING.
 14885 | Lair:4   | 14885 ||| STILL RETREEAATING.
 14886 | Lair:4   | 14886 ||| STILL RETREEAATING.
 14887 | Lair:4   | 14887 ||| STILL RETREEAATING.
 14894 | Lair:4   | 14894 ||| STILL RETREEAATING.
 14895 | Lair:4   | 14895 ||| STILL RETREEAATING.
 14896 | Lair:4   | 14896 ||| STILL RETREEAATING.
 14898 | Lair:4   | 14898 ||| RETREEAATING.
 14913 | Lair:4   | Killed Kirke
 15335 | Lair:4   | 15335 ||| READING 7 scrolls of identify.
 15335 | Lair:4   | 15335 ||| IDENTIFYING bubbling amethyst potion
 15336 | Lair:4   | 15336 ||| DROPPING potion of ambrosia.
 15357 | Lair:5   | Entered Level 5 of the Lair of Beasts
 15358 | Lair:5   | 15358 ||| RETREEAATING.
 15359 | Lair:5   | 15359 ||| Stepping ~*~*~tactically~*~*~ (retreating).
 15360 | Lair:5   | 15360 ||| Stepping ~*~*~tactically~*~*~ (retreating).
 15361 | Lair:5   | 15361 ||| Stepping ~*~*~tactically~*~*~ (retreating).
 15367 | Lair:5   | 15367 ||| INVOKING Heroism.
 15396 | Lair:5   | Reached skill level 14 in Fighting
 15408 | Lair:5   | HP: 24/96 [wolf (6)]
 15409 | Lair:5   | 15409 ||| READING scroll of teleportation.
 15410 | Lair:5   | 15410 ||| DRINKING 3 potions of heal wounds.
 15432 | Lair:5   | 15432 ||| RETREEAATING.
 15433 | Lair:5   | 15433 ||| STILL RETREEAATING.
 15434 | Lair:5   | 15434 ||| STILL RETREEAATING.
 15435 | Lair:5   | 15435 ||| STILL RETREEAATING.
 15436 | Lair:5   | 15436 ||| STILL RETREEAATING.
 15437 | Lair:5   | 15437 ||| Stepping ~*~*~tactically~*~*~ (retreating).
 15438 | Lair:5   | 15438 ||| Stepping ~*~*~tactically~*~*~ (retreating).
 15439 | Lair:5   | 15439 ||| Stepping ~*~*~tactically~*~*~ (retreating).
 15440 | Lair:5   | 15440 ||| INVOKING Heroism.
 15471 | Lair:5   | 15471 ||| INVOKING Heroism.
 15490 | Lair:5   | 15490 ||| INVOKING Heroism.
 15495 | Lair:5   | HP: 24/96 [basilisk (9)]
 15496 | Lair:5   | 15496 ||| DRINKING 2 potions of heal wounds.
 15511 | Lair:5   | HP: 19/96 [polar bear (10)]
 15512 | Lair:5   | 15512 ||| DRINKING potion of heal wounds.
 15529 | Lair:5   | 15529 ||| INVOKING Heroism.
 15560 | Lair:5   | Reached skill level 9 in Armour
 15777 | Lair:5   | Found a runed translucent door.
 15781 | Lair:5   | 15781 ||| SWAPPING to +0 longbow.
 15783 | Lair:5   | 15783 ||| DROPPING +2 orcbow.
 15789 | Lair:5   | 15789 ||| INVOKING Heroism.
 15955 | Lair:5   | 15955 ||| Stepping ~*~*~tactically~*~*~ (retreating).
 15956 | Lair:5   | 15956 ||| Stepping ~*~*~tactically~*~*~ (retreating).
 15961 | Lair:5   | 15961 ||| INVOKING Heroism.
 16058 | Lair:5   | 16058 ||| FLEEEEING.
 16060 | Lair:5   | 16060 ||| FLEEEEING.
 16062 | Lair:5   | 16062 ||| FLEEEEING.
 16063 | Lair:5   | 16063 ||| FLEEEEING.
 16064 | Lair:5   | 16064 ||| FLEEEEING.
 16065 | Lair:5   | 16065 ||| FLEEEEING.
 16066 | Lair:5   | 16066 ||| FLEEEEING.
 16067 | Lair:5   | 16067 ||| FLEEEEING.
 16068 | Lair:5   | 16068 ||| FLEEEEING.
 16069 | Lair:5   | 16069 ||| FLEEEEING.
 16070 | Lair:5   | 16070 ||| FLEEEEING.
 16072 | Lair:5   | 16072 ||| FLEEEEING.
 16073 | Lair:5   | 16073 ||| FLEEEEING.
 16074 | Lair:5   | 16074 ||| FLEEEEING.
 16075 | Lair:5   | 16075 ||| FLEEEEING.
 16076 | Lair:5   | 16076 ||| FLEEEEING.
 16078 | Lair:5   | 16078 ||| FLEEEEING.
 16080 | Lair:5   | 16080 ||| FLEEEEING.
 16082 | Lair:5   | 16082 ||| FLEEEEING.
 16083 | Lair:5   | 16083 ||| FLEEEEING.
 16084 | Lair:5   | 16084 ||| FLEEEEING.
 16085 | Lair:5   | 16085 ||| INVOKING Heroism.
 16134 | Lair:5   | 16134 ||| RETREEAATING.
 16137 | Lair:5   | 16137 ||| Stepping ~*~*~tactically~*~*~ (retreating).
 16143 | Lair:5   | 16143 ||| INVOKING Heroism.
 16330 | Lair:5   | Found a staircase to the Slime Pits.
 16571 | Lair:5   | 16571 ||| FLEEEEING.
 16598 | Lair:5   | 16598 ||| Stepping ~*~*~tactically~*~*~ (retreating).
 16599 | Lair:5   | 16599 ||| Stepping ~*~*~tactically~*~*~ (retreating).
 16600 | Lair:5   | 16600 ||| Stepping ~*~*~tactically~*~*~ (retreating).
 16601 | Lair:5   | 16601 ||| Stepping ~*~*~tactically~*~*~ (retreating).
 16617 | Lair:5   | 16617 ||| INVOKING Heroism.
 16620 | Lair:5   | 16620 ||| Stepping ~*~*~tactically~*~*~ (retreating).
 16621 | Lair:5   | 16621 ||| Stepping ~*~*~tactically~*~*~ (retreating).
 16621 | Lair:5   | Noticed a dire elephant
 16637 | Lair:5   | HP: 23/96 [dire elephant (25)]
 16638 | Lair:5   | 16638 ||| READING scroll of teleportation.
 16639 | Lair:5   | 16639 ||| DRINKING potion of heal wounds.
 16876 | Lair:5   | Identified the ring of Law {rElec rN+ Int+2}
 16938 | Lair:5   | 16938 ||| INVOKING Heroism.
 16952 | Lair:5   | 16952 ||| Stepping ~*~*~tactically~*~*~ (retreating).
 16953 | Lair:5   | 16953 ||| Stepping ~*~*~tactically~*~*~ (retreating).
 16954 | Lair:5   | 16954 ||| Stepping ~*~*~tactically~*~*~ (retreating).
 16955 | Lair:5   | 16955 ||| Stepping ~*~*~tactically~*~*~ (retreating).
 16962 | Lair:5   | 16962 ||| Stepping ~*~*~tactically~*~*~ (retreating).
 16963 | Lair:5   | 16963 ||| Stepping ~*~*~tactically~*~*~ (retreating).
 16964 | Lair:5   | 16964 ||| Stepping ~*~*~tactically~*~*~ (retreating).
 16965 | Lair:5   | 16965 ||| Stepping ~*~*~tactically~*~*~ (retreating).
 16973 | Lair:5   | 16973 ||| Stepping ~*~*~tactically~*~*~ (retreating).
 16974 | Lair:5   | 16974 ||| Stepping ~*~*~tactically~*~*~ (retreating).
 16976 | Lair:5   | 16976 ||| Stepping ~*~*~tactically~*~*~ (retreating).
 16977 | Lair:5   | 16977 ||| Stepping ~*~*~tactically~*~*~ (retreating).
 16978 | Lair:5   | 16978 ||| Stepping ~*~*~tactically~*~*~ (retreating).
 16987 | Lair:5   | Killed a dire elephant
 16988 | Lair:5   | 16988 ||| INVOKING Heroism.
 16989 | Lair:5   | 16989 ||| Stepping ~*~*~tactically~*~*~ (retreating).
 17007 | Lair:5   | HP: 24/96 [polar bear (10)]
 17012 | Lair:5   | 17012 ||| FLEEEEING.
 17014 | Lair:5   | 17014 ||| FLEEEEING.
 17016 | Lair:5   | 17016 ||| FLEEEEING.
 17017 | Lair:5   | 17017 ||| FLEEEEING.
 17018 | Lair:5   | 17018 ||| FLEEEEING.
 17019 | Lair:5   | 17019 ||| FLEEEEING.
 17020 | Lair:5   | 17020 ||| FLEEEEING.
 17021 | Lair:5   | 17021 ||| FLEEEEING.
 17022 | Lair:5   | 17022 ||| FLEEEEING.
 17023 | Lair:5   | 17023 ||| FLEEEEING.
 17024 | Lair:5   | 17024 ||| FLEEEEING.
 17025 | Lair:5   | 17025 ||| FLEEEEING.
 17028 | Lair:5   | 17028 ||| FLEEEEING.
 17029 | Lair:5   | 17029 ||| FLEEEEING.
 17030 | Lair:5   | 17030 ||| FLEEEEING.
 17031 | Lair:5   | 17031 ||| FLEEEEING.
 17032 | Lair:5   | 17032 ||| FLEEEEING.
 17033 | Lair:5   | 17033 ||| FLEEEEING.
 17034 | Lair:5   | 17034 ||| FLEEEEING.
 17035 | Lair:5   | 17035 ||| FLEEEEING.
 17043 | Lair:5   | 17043 ||| STAIRDANCE
 17217 | Lair:4   | 17217 ||| DROPPING ring of Law {rElec rN+ Int+2}.
 17398 | Lair:5   | 17398 ||| INVOKING Heroism.
 17456 | Lair:5   | 17456 ||| INVOKING Heroism.
 17466 | Lair:5   | 17466 ||| Stepping ~*~*~tactically~*~*~ (retreating).
 17506 | Lair:5   | 17506 ||| Stepping ~*~*~tactically~*~*~ (retreating).
 17524 | Lair:5   | 17524 ||| Stepping ~*~*~tactically~*~*~ (retreating).
 17532 | Lair:5   | 17532 ||| Stepping ~*~*~tactically~*~*~ (retreating).
 17533 | Lair:5   | 17533 ||| Stepping ~*~*~tactically~*~*~ (retreating).
 17545 | Lair:5   | 17545 ||| INVOKING Heroism.
 17665 | Lair:5   | 17665 ||| INVOKING Heroism.
 17954 | Lair:5   | 17954 ||| FLEEEEING.
 17955 | Lair:5   | 17955 ||| FLEEEEING.
 17956 | Lair:5   | 17956 ||| FLEEEEING.
 17957 | Lair:5   | 17957 ||| FLEEEEING.
 17958 | Lair:5   | 17958 ||| FLEEEEING.
 17959 | Lair:5   | 17959 ||| FLEEEEING.
 17960 | Lair:5   | 17960 ||| FLEEEEING.
 17961 | Lair:5   | 17961 ||| FLEEEEING.
 17962 | Lair:5   | 17962 ||| FLEEEEING.
 17963 | Lair:5   | 17963 ||| FLEEEEING.
 17964 | Lair:5   | 17964 ||| FLEEEEING.
 17965 | Lair:5   | 17965 ||| FLEEEEING.
 17966 | Lair:5   | 17966 ||| FLEEEEING.
 17967 | Lair:5   | 17967 ||| FLEEEEING.
 17970 | Lair:5   | 17970 ||| INVOKING Heroism.
 18022 | Lair:5   | 18022 ||| PLANNING D:1-11
 18022 | Lair:5   | 18022 ||| READING 8 scrolls of identify.
 18022 | Lair:5   | 18022 ||| IDENTIFYING orange potion
 18023 | Lair:5   | 18023 ||| DROPPING potion of invisibility.
 18153 | D:10     | Entered Level 10 of the Dungeon
 18153 | D:10     | Noticed Josephine
 18154 | D:10     | 18154 ||| STAIRDANCE
 18168 | D:10     | Killed Josephine
 18169 | D:10     | 18169 ||| STAIRDANCE
 18244 | D:10     | 18244 ||| STAIRDANCE
 18286 | D:10     | Reached XP level 15. HP: 100/100 MP: 22/22
 18405 | D:10     | Noticed Lodul
 18406 | D:10     | 18406 ||| RETREEAATING.
 18408 | D:10     | 18408 ||| RETREEAATING.
 18416 | D:10     | 18416 ||| Stepping ~*~*~tactically~*~*~ (retreating).
 18423 | D:10     | 18423 ||| INVOKING Heroism.
 18427 | D:10     | Killed Lodul
 18439 | D:10     | Noticed Maurice
 18452 | D:10     | Killed Maurice
 18647 | D:10     | Reached skill level 18 in Ranged Weapons
 18927 | D:10     | Found a stormy altar of Qazlal.
 18928 | D:10     | Found a broken altar of Ashenzari.
 19010 | D:10     | Found a shimmering blue altar of Sif Muna.
 19031 | D:10     | Noticed Amaemon
 19042 | D:10     | Killed Amaemon
 19280 | D:10     | 19280 ||| READING 7 scrolls of identify.
 19280 | D:10     | 19280 ||| IDENTIFYING black potion
 19281 | D:10     | 19281 ||| READING 6 scrolls of identify.
 19281 | D:10     | 19281 ||| IDENTIFYING fuming red potion
 19282 | D:10     | 19282 ||| DROPPING potion of berserk rage.
 19346 | D:11     | Found a staircase to the Orcish Mines.
 19961 | D:11     | 19961 ||| PLANNING D
 20026 | D:12     | Noticed Nessos
 20027 | D:12     | 20027 ||| INVOKING Finesse.
 20037 | D:12     | Killed Nessos
 20067 | D:12     | 20067 ||| SWAPPING to +1 longbow of flaming.
 20068 | D:12     | 20068 ||| DROPPING +0 longbow.
 20321 | D:12     | 20321 ||| Stepping ~*~*~tactically~*~*~ (retreating).
 20977 | D:13     | 20977 ||| STAIRDANCE
 21001 | D:13     | 21001 ||| STAIRDANCE
 21141 | D:13     | 21141 ||| RETREEAATING.
 21142 | D:13     | 21142 ||| Stepping ~*~*~tactically~*~*~ (retreating).
 21196 | D:13     | Found a gate to the Vaults.
 21376 | D:13     | Received a gift from Okawaru
 21855 | D:14     | 21855 ||| INVOKING Heroism.
 21977 | D:14     | 21977 ||| INVOKING Heroism.
 22117 | D:14     | 22117 ||| RETREEAATING.
 22118 | D:14     | 22118 ||| STILL RETREEAATING.
 22119 | D:14     | 22119 ||| Stepping ~*~*~tactically~*~*~ (retreating).
 22120 | D:14     | 22120 ||| Stepping ~*~*~tactically~*~*~ (retreating).
 22121 | D:14     | 22121 ||| Stepping ~*~*~tactically~*~*~ (retreating).
 22122 | D:14     | 22122 ||| Stepping ~*~*~tactically~*~*~ (retreating).
 22123 | D:14     | 22123 ||| Stepping ~*~*~tactically~*~*~ (retreating).
 22124 | D:14     | 22124 ||| Stepping ~*~*~tactically~*~*~ (retreating).
 22125 | D:14     | 22125 ||| Stepping ~*~*~tactically~*~*~ (retreating).
 22126 | D:14     | 22126 ||| Stepping ~*~*~tactically~*~*~ (retreating).
 22127 | D:14     | 22127 ||| Stepping ~*~*~tactically~*~*~ (retreating).
 22128 | D:14     | 22128 ||| INVOKING Heroism.
 22145 | D:14     | Received a gift from Okawaru
 22152 | D:14     | HP: 25/100 [skeletal warrior/+0 antimagic halberd (13)]
 22153 | D:14     | 22153 ||| READING 2 scrolls of teleportation.
 22155 | D:14     | 22155 ||| DRINKING potion of heal wounds.
 22386 | D:14     | 22386 ||| INVOKING Heroism.
 22662 | D:14     | 22662 ||| READING 10 scrolls of identify.
 22662 | D:14     | 22662 ||| IDENTIFYING puce potion
 22819 | D:14     | 22819 ||| UPGRADING to amulet of faith.
 22857 | D:15     | Entered Level 15 of the Dungeon
 22860 | D:15     | 22860 ||| INVOKING Heroism.
 22918 | D:15     | 22918 ||| INVOKING Heroism.
 22921 | D:15     | 22921 ||| RETREEAATING.
 22922 | D:15     | 22922 ||| STILL RETREEAATING.
 22923 | D:15     | 22923 ||| STILL RETREEAATING.
 22924 | D:15     | 22924 ||| STILL RETREEAATING.
 22925 | D:15     | 22925 ||| Stepping ~*~*~tactically~*~*~ (retreating).
 22926 | D:15     | 22926 ||| Stepping ~*~*~tactically~*~*~ (retreating).
 22941 | D:15     | Reached XP level 16. HP: 70/107 MP: 23/23
 22949 | D:15     | 22949 ||| INVOKING Heroism.
 22950 | D:15     | HP: 25/107 [titan zombie (23)]
 22951 | D:15     | 22951 ||| READING 2 scrolls of teleportation.
 22952 | D:15     | 22952 ||| DRINKING potion of heal wounds.
 23200 | D:15     | 23200 ||| RETREEAATING.
 23204 | D:15     | 23204 ||| Stepping ~*~*~tactically~*~*~ (retreating).
 23214 | D:15     | Reached skill level 15 in Fighting
 23282 | D:15     | 23282 ||| INVOKING Heroism.
 23477 | D:15     | Found a runed translucent gate.
 23479 | D:15     | Found a runed translucent gate.
 23480 | D:15     | Found a runed translucent gate.
 23491 | D:15     | Noticed Yakesh's ghost (journeyman MiFi)
 23523 | D:15     | Found a staircase to the Depths.
 23727 | D:15     | 23727 ||| INVOKING Heroism.
 23769 | D:15     | 23769 ||| PLANNING ORC
 23896 | Orc:1    | Entered Level 1 of the Orcish Mines
 23926 | Orc:1    | Reached skill level 16 in Fighting
 23928 | Orc:1    | 23928 ||| FLEEEEING.
 24080 | Orc:2    | Entered Level 2 of the Orcish Mines
 24083 | Orc:2    | 24083 ||| STAIRDANCE
 24111 | Orc:2    | 24111 ||| STAIRDANCE
 24337 | Orc:2    | Received a gift from Okawaru
 24490 | Orc:2    | 24490 ||| INVOKING Heroism.
 24491 | Orc:2    | 24491 ||| INVOKING Finesse.
 24610 | Orc:2    | 24610 ||| INVOKING Heroism.
 24669 | Orc:2    | 24669 ||| INVOKING Heroism.
 24882 | Orc:2    | 24882 ||| INVOKING Heroism.
 24948 | Orc:2    | Reached skill level 9 in Dodging
 24971 | Orc:2    | Found a staircase to the Elven Halls.
 25179 | Orc:2    | 25179 ||| INVOKING Heroism.
 25192 | Orc:2    | Found Ivutteur's Antique Armour Shop.
 25197 | Orc:2    | 25197 ||| BUYING glowing leather armour (145 gold).
 25197 | Orc:2    | Bought a glowing leather armour for 145 gold pieces
 25203 | Orc:2    | Found Hosytan's Antique Armour Boutique.
 25223 | Orc:2    | 25223 ||| BUYING glowing robe (103 gold).
 25223 | Orc:2    | Bought a glowing robe for 103 gold pieces
 25228 | Orc:2    | 25228 ||| INVOKING Heroism.
 25279 | Orc:2    | 25279 ||| INVOKING Heroism.
 25289 | Orc:2    | Paralysed by an orc sorcerer for 2 turns
 25445 | Orc:2    | 25445 ||| INVOKING Heroism.
 25516 | Orc:2    | 25516 ||| DROPPING +2 leather armour of fire resistance.
 25517 | Orc:2    | 25517 ||| DROPPING +2 robe of willpower.
 25519 | Orc:2    | 25519 ||| DROPPING ring of wizardry.
 25756 | Orc:2    | 25756 ||| FLEEEEING.
 25814 | Orc:2    | 25814 ||| INVOKING Heroism.
 25815 | Orc:2    | 25815 ||| Stepping ~*~*~tactically~*~*~ (retreating).
 25829 | Orc:2    | 25829 ||| Stepping ~*~*~tactically~*~*~ (retreating).
 25830 | Orc:2    | 25830 ||| Stepping ~*~*~tactically~*~*~ (retreating).
 25831 | Orc:2    | 25831 ||| Stepping ~*~*~tactically~*~*~ (retreating).
 25832 | Orc:2    | 25832 ||| RETREEAATING.
 25906 | Orc:2    | 25906 ||| INVOKING Heroism.
 25909 | Orc:2    | 25909 ||| RETREEAATING.
 25910 | Orc:2    | 25910 ||| STILL RETREEAATING.
 25911 | Orc:2    | 25911 ||| STILL RETREEAATING.
 25987 | Orc:2    | 25987 ||| FLEEEEING.
 25988 | Orc:2    | 25988 ||| FLEEEEING.
 26137 | Orc:2    | 26137 ||| INVOKING Heroism.
 26153 | Orc:2    | Found Erittuse's Armour Shop.
 26162 | Orc:2    | 26162 ||| BUYING +2 helmet of Eqextuar {Harm Int+3} (361
                  | gold).
 26162 | Orc:2    | Bought the +2 helmet of Eqextuar {Harm Int+3} for 361 gold
                  | pieces
 26209 | Orc:2    | 26209 ||| INVOKING Heroism.
 26264 | Orc:2    | 26264 ||| RETREEAATING.
 26265 | Orc:2    | 26265 ||| Stepping ~*~*~tactically~*~*~ (retreating).
 26266 | Orc:2    | 26266 ||| Stepping ~*~*~tactically~*~*~ (retreating).
 26267 | Orc:2    | 26267 ||| INVOKING Heroism.
 26268 | Orc:2    | 26268 ||| STILL RETREEAATING.
 26269 | Orc:2    | 26269 ||| Stepping ~*~*~tactically~*~*~ (retreating).
 26270 | Orc:2    | 26270 ||| Stepping ~*~*~tactically~*~*~ (retreating).
 26271 | Orc:2    | 26271 ||| STILL RETREEAATING.
 26272 | Orc:2    | 26272 ||| STILL RETREEAATING.
 26273 | Orc:2    | 26273 ||| Stepping ~*~*~tactically~*~*~ (retreating).
 26274 | Orc:2    | 26274 ||| Stepping ~*~*~tactically~*~*~ (retreating).
 26381 | Orc:2    | Found Kuzixem's Jewellery Shoppe.
 26391 | Orc:2    | 26391 ||| BUYING amulet of the acrobat (420 gold).
 26391 | Orc:2    | Bought an amulet of the acrobat for 420 gold pieces
 26391 | Orc:2    | 26391 ||| BUYING ring "Nuoseg" {rN+ Will+} (456 gold).
 26391 | Orc:2    | Bought the ring "Nuoseg" {rN+ Will+} for 456 gold pieces
 26391 | Orc:2    | 26391 ||| BUYING ring of ice (350 gold).
 26391 | Orc:2    | Bought a ring of ice for 350 gold pieces
 26391 | Orc:2    | 26391 ||| PLANNING SHOALS:1-3
 26560 | Shoals:1 | Entered Level 1 of the Shoals
 26597 | Shoals:1 | 26597 ||| INVOKING Heroism.
 26729 | Shoals:1 | Reached skill level 17 in Fighting
 26880 | Shoals:1 | 26880 ||| INVOKING Heroism.
 26926 | Shoals:1 | 26926 ||| RETREEAATING.
 26927 | Shoals:1 | 26927 ||| STILL RETREEAATING.
 26931 | Shoals:1 | 26931 ||| STILL RETREEAATING.
 26932 | Shoals:1 | 26932 ||| STILL RETREEAATING.
 26971 | Shoals:1 | 26971 ||| RETREEAATING.
 26996 | Shoals:1 | Reached XP level 17. HP: 112/118 MP: 24/24
 27000 | Shoals:1 | 27000 ||| STILL RETREEAATING.
 27001 | Shoals:1 | 27001 ||| STILL RETREEAATING.
 27002 | Shoals:1 | 27002 ||| STILL RETREEAATING.
 27003 | Shoals:1 | 27003 ||| STILL RETREEAATING.
 27004 | Shoals:1 | 27004 ||| STILL RETREEAATING.
 27006 | Shoals:1 | 27006 ||| RETREEAATING.
 27007 | Shoals:1 | 27007 ||| STILL RETREEAATING.
 27008 | Shoals:1 | 27008 ||| STILL RETREEAATING.
 27009 | Shoals:1 | 27009 ||| STILL RETREEAATING.
 27010 | Shoals:1 | 27010 ||| STILL RETREEAATING.
 27011 | Shoals:1 | 27011 ||| STILL RETREEAATING.
 27012 | Shoals:1 | 27012 ||| STILL RETREEAATING.
 27013 | Shoals:1 | 27013 ||| STILL RETREEAATING.
 27014 | Shoals:1 | 27014 ||| STILL RETREEAATING.
 27015 | Shoals:1 | 27015 ||| STILL RETREEAATING.
 27016 | Shoals:1 | 27016 ||| STILL RETREEAATING.
 27017 | Shoals:1 | 27017 ||| STILL RETREEAATING.
 27018 | Shoals:1 | 27018 ||| FLEEEEING.
 27019 | Shoals:1 | 27019 ||| STILL RETREEAATING.
 27020 | Shoals:1 | 27020 ||| STILL RETREEAATING.
 27021 | Shoals:1 | 27021 ||| STILL RETREEAATING.
 27022 | Shoals:1 | 27022 ||| INVOKING Heroism.
 27023 | Shoals:1 | 27023 ||| STILL RETREEAATING.
 27024 | Shoals:1 | 27024 ||| STILL RETREEAATING.
 27026 | Shoals:1 | 27026 ||| STILL RETREEAATING.
 27030 | Shoals:1 | 27030 ||| STILL RETREEAATING.
 27455 | Shoals:1 | 27455 ||| RETREEAATING.
 27457 | Shoals:1 | 27457 ||| INVOKING Heroism.
 27459 | Shoals:1 | 27459 ||| STILL RETREEAATING.
 27461 | Shoals:1 | 27461 ||| STILL RETREEAATING.
 27472 | Shoals:1 | Reached skill level 18 in Fighting
 27478 | Shoals:1 | Received a gift from Okawaru
 27726 | Shoals:2 | 27726 ||| STAIRDANCE
 27733 | Shoals:2 | 27733 ||| STAIRDANCE
 27888 | Shoals:2 | 27888 ||| INVOKING Heroism.
 28249 | Shoals:2 | Noticed Donald
 28250 | Shoals:2 | 28250 ||| INVOKING Heroism.
 28251 | Shoals:2 | 28251 ||| INVOKING Finesse.
 28266 | Shoals:2 | HP: 29/119 [Donald/+2 antimagic broad axe (28)]
 28267 | Shoals:2 | 28267 ||| READING 3 scrolls of teleportation.
 28273 | Shoals:2 | Killed Donald
 28588 | Shoals:2 | 28588 ||| INVOKING Heroism.
 28591 | Shoals:2 | Noticed Ilsuiw
 28630 | Shoals:2 | HP: 22/119 [water elemental[Ilsuiw] (8)]
 28631 | Shoals:2 | 28631 ||| READING 2 scrolls of teleportation.
 28988 | Shoals:2 | 28988 ||| INVOKING Heroism.
 28991 | Shoals:2 | 28991 ||| RETREEAATING.
 29006 | Shoals:2 | 29006 ||| INVOKING Heroism.
 29086 | Shoals:2 | 29086 ||| INVOKING Heroism.
 29088 | Shoals:2 | HP: 26/119 [water elemental[Ilsuiw] (6)]
 29089 | Shoals:2 | 29089 ||| READING scroll of teleportation.
 29596 | Shoals:3 | 29596 ||| INVOKING Heroism.
 29597 | Shoals:3 | 29597 ||| STAIRDANCE
 29618 | Shoals:3 | 29618 ||| STAIRDANCE
 29700 | Shoals:3 | 29700 ||| STAIRDANCE
 29720 | Shoals:3 | 29720 ||| INVOKING Heroism.
 29721 | Shoals:3 | 29721 ||| STAIRDANCE
 29741 | Shoals:3 | 29741 ||| STAIRDANCE
 29772 | Shoals:3 | 29772 ||| INVOKING Heroism.
 29773 | Shoals:3 | 29773 ||| STAIRDANCE
 29880 | Shoals:3 | 29880 ||| INVOKING Heroism.
 29981 | Shoals:3 | 29981 ||| INVOKING Heroism.
 30211 | Shoals:3 | 30211 ||| INVOKING Heroism.
 30256 | Shoals:3 | 30256 ||| RETREEAATING.
 30265 | Shoals:3 | Reached skill level 19 in Fighting
 30390 | Shoals:3 | 30390 ||| INVOKING Heroism.
 30858 | Shoals:3 | 30858 ||| PLANNING SNAKE:1-3
 30858 | Shoals:3 | 30858 ||| DRINKING 3 coppery potions.
 30996 | Snake:1  | Entered Level 1 of the Snake Pit
 31010 | Snake:1  | 31010 ||| INVOKING Heroism.
 31167 | Snake:1  | Reached skill level 12 in Armour
 31182 | Snake:1  | 31182 ||| RETREEAATING.
 31186 | Snake:1  | 31186 ||| Stepping ~*~*~tactically~*~*~ (retreating).
 31194 | Snake:1  | 31194 ||| Stepping ~*~*~tactically~*~*~ (retreating).
 31195 | Snake:1  | 31195 ||| Stepping ~*~*~tactically~*~*~ (retreating).
 31241 | Snake:1  | 31241 ||| Stepping ~*~*~tactically~*~*~ (retreating).
 31248 | Snake:1  | 31248 ||| INVOKING Heroism.
 31405 | Snake:1  | 31405 ||| RETREEAATING.
 31406 | Snake:1  | 31406 ||| STILL RETREEAATING.
 31407 | Snake:1  | 31407 ||| Stepping ~*~*~tactically~*~*~ (retreating).
 31408 | Snake:1  | 31408 ||| INVOKING Heroism.
 31525 | Snake:1  | Reached XP level 18. HP: 128/128 MP: 25/25
 31553 | Snake:1  | Found Qaammio's Magic Scroll Shop.
 31567 | Snake:1  | 31567 ||| BUYING 3 scrolls of enchant armour (292 gold).
 31567 | Snake:1  | Bought 3 scrolls of enchant armour for 292 gold pieces
 31567 | Snake:1  | 31567 ||| BUYING scroll of enchant weapon (97 gold).
 31567 | Snake:1  | Bought a scroll of enchant weapon for 97 gold pieces
 31567 | Snake:1  | 31567 ||| BUYING scroll of teleportation (39 gold).
 31567 | Snake:1  | Bought a scroll of teleportation for 39 gold pieces
 31567 | Snake:1  | 31567 ||| BUYING scroll of teleportation (39 gold).
 31567 | Snake:1  | Bought a scroll of teleportation for 39 gold pieces
 31567 | Snake:1  | 31567 ||| READING 3 scrolls of enchant armour.
 31567 | Snake:1  | 31567 ||| ENCHANTING +1 pair of boots.
 31568 | Snake:1  | 31568 ||| READING scroll of enchant weapon.
 31568 | Snake:1  | 31568 ||| ENCHANTING +1 longbow of flaming.
 31610 | Snake:1  | 31610 ||| RETREEAATING.
 31612 | Snake:1  | 31612 ||| RETREEAATING.
 31619 | Snake:1  | 31619 ||| Stepping ~*~*~tactically~*~*~ (retreating).
 31678 | Snake:1  | Found Waghiq's General Store.
 31692 | Snake:1  | 31692 ||| BUYING amulet of regeneration (360 gold).
 31692 | Snake:1  | Bought an amulet of regeneration for 360 gold pieces
 31692 | Snake:1  | 31692 ||| BUYING potion of heal wounds (60 gold).
 31692 | Snake:1  | Bought a potion of heal wounds for 60 gold pieces
 31727 | Snake:1  | 31727 ||| INVOKING Heroism.
 31778 | Snake:1  | Found Deddy's Antique Armour Shoppe.
 31799 | Snake:1  | Found Unuz's Weapon Boutique.
 31824 | Snake:1  | 31824 ||| Stepping ~*~*~tactically~*~*~ (retreating).
 31825 | Snake:1  | 31825 ||| Stepping ~*~*~tactically~*~*~ (retreating).
 31826 | Snake:1  | 31826 ||| Stepping ~*~*~tactically~*~*~ (retreating).
 31827 | Snake:1  | 31827 ||| Stepping ~*~*~tactically~*~*~ (retreating).
 31828 | Snake:1  | 31828 ||| Stepping ~*~*~tactically~*~*~ (retreating).
 31829 | Snake:1  | 31829 ||| Stepping ~*~*~tactically~*~*~ (retreating).
 31831 | Snake:1  | 31831 ||| RETREEAATING.
 31846 | Snake:1  | 31846 ||| INVOKING Heroism.
 31851 | Snake:1  | Reached skill level 20 in Fighting
 31986 | Snake:1  | Identified the +12 long sword "Hipsehag" {venom, rPois
                  | Will+}
 32200 | Snake:1  | 32200 ||| DROPPING +1 pair of gloves.
 32201 | Snake:1  | 32201 ||| DROPPING amulet of the acrobat.
 32211 | Snake:2  | 32211 ||| RETREEAATING.
 32212 | Snake:2  | 32212 ||| INVOKING Heroism.
 32214 | Snake:2  | 32214 ||| Stepping ~*~*~tactically~*~*~ (retreating).
 32215 | Snake:2  | 32215 ||| Stepping ~*~*~tactically~*~*~ (retreating).
 32216 | Snake:2  | 32216 ||| Stepping ~*~*~tactically~*~*~ (retreating).
 32217 | Snake:2  | 32217 ||| Stepping ~*~*~tactically~*~*~ (retreating).
 32282 | Snake:2  | 32282 ||| RETREEAATING.
 32283 | Snake:2  | 32283 ||| STILL RETREEAATING.
 32284 | Snake:2  | 32284 ||| STILL RETREEAATING.
 32285 | Snake:2  | 32285 ||| STILL RETREEAATING.
 32286 | Snake:2  | 32286 ||| STILL RETREEAATING.
 32288 | Snake:2  | 32288 ||| Stepping ~*~*~tactically~*~*~ (retreating).
 32295 | Snake:2  | 32295 ||| Stepping ~*~*~tactically~*~*~ (retreating).
 32298 | Snake:2  | 32298 ||| INVOKING Heroism.
 32403 | Snake:2  | Noticed Aizul
 32404 | Snake:2  | 32404 ||| INVOKING Heroism.
 32405 | Snake:2  | 32405 ||| INVOKING Finesse.
 32415 | Snake:2  | Killed Aizul
 32466 | Snake:2  | 32466 ||| INVOKING Heroism.
 32467 | Snake:2  | 32467 ||| RETREEAATING.
 32468 | Snake:2  | 32468 ||| STILL RETREEAATING.
 32470 | Snake:2  | 32470 ||| STILL RETREEAATING.
 32471 | Snake:2  | 32471 ||| STILL RETREEAATING.
 32477 | Snake:2  | 32477 ||| STILL RETREEAATING.
 32500 | Snake:2  | 32500 ||| RETREEAATING.
 32501 | Snake:2  | 32501 ||| STILL RETREEAATING.
 32503 | Snake:2  | 32503 ||| Stepping ~*~*~tactically~*~*~ (retreating).
 32504 | Snake:2  | 32504 ||| STILL RETREEAATING.
 32505 | Snake:2  | 32505 ||| Stepping ~*~*~tactically~*~*~ (retreating).
 32521 | Snake:2  | Received a gift from Okawaru
 32574 | Snake:2  | 32574 ||| Stepping ~*~*~tactically~*~*~ (retreating).
 32576 | Snake:2  | 32576 ||| INVOKING Heroism.
 32586 | Snake:2  | 32586 ||| Stepping ~*~*~tactically~*~*~ (retreating).
 32653 | Snake:2  | Found Zeecovim's Book Shop.
 32653 | Snake:2  | Found Fowkum's Jewellery Emporium.
 32654 | Snake:2  | Found Kibrad's Book Shop.
 32662 | Snake:2  | 32662 ||| SHOPLISTING amulet of reflection (360 gold, have
                  | 86).
 32662 | Snake:2  | 32662 ||| SHOPLISTING ring of Xuzetsuo {Fly rPois EV+5
                  | Stlth+} (625 gold, have 86).
 32662 | Snake:2  | 32662 ||| SHOPLISTING ring of fire (300 gold, have 86).
 32691 | Snake:2  | 32691 ||| Stepping ~*~*~tactically~*~*~ (retreating).
 32692 | Snake:2  | 32692 ||| Stepping ~*~*~tactically~*~*~ (retreating).
 32693 | Snake:2  | 32693 ||| Stepping ~*~*~tactically~*~*~ (retreating).
 32694 | Snake:2  | 32694 ||| Stepping ~*~*~tactically~*~*~ (retreating).
 32695 | Snake:2  | 32695 ||| Stepping ~*~*~tactically~*~*~ (retreating).
 32696 | Snake:2  | 32696 ||| Stepping ~*~*~tactically~*~*~ (retreating).
 32697 | Snake:2  | 32697 ||| Stepping ~*~*~tactically~*~*~ (retreating).
 32698 | Snake:2  | 32698 ||| Stepping ~*~*~tactically~*~*~ (retreating).
 32699 | Snake:2  | 32699 ||| Stepping ~*~*~tactically~*~*~ (retreating).
 32700 | Snake:2  | 32700 ||| Stepping ~*~*~tactically~*~*~ (retreating).
 32701 | Snake:2  | 32701 ||| STAIRDANCE
 32706 | Snake:2  | 32706 ||| STAIRDANCE
 32708 | Snake:1  | 32708 ||| Stepping ~*~*~tactically~*~*~ (retreating).
 32709 | Snake:1  | 32709 ||| Stepping ~*~*~tactically~*~*~ (retreating).
 32710 | Snake:1  | 32710 ||| Stepping ~*~*~tactically~*~*~ (retreating).
 32711 | Snake:1  | 32711 ||| Stepping ~*~*~tactically~*~*~ (retreating).
 32714 | Snake:1  | 32714 ||| Stepping ~*~*~tactically~*~*~ (retreating).
 32715 | Snake:1  | 32715 ||| Stepping ~*~*~tactically~*~*~ (retreating).
 32759 | Snake:2  | 32759 ||| STAIRDANCE
 32890 | Snake:2  | 32890 ||| INVOKING Heroism.
 33034 | Snake:2  | Noticed Vashnia
 33043 | Snake:2  | 33043 ||| RETREEAATING.
 33044 | Snake:2  | 33044 ||| STILL RETREEAATING.
 33047 | Snake:2  | 33047 ||| INVOKING Heroism.
 33048 | Snake:2  | 33048 ||| STILL RETREEAATING.
 33049 | Snake:2  | 33049 ||| STILL RETREEAATING.
 33054 | Snake:2  | Killed Vashnia
 33157 | Snake:2  | 33157 ||| INVOKING Heroism.
 33341 | Snake:3  | 33341 ||| RETREEAATING.
 33343 | Snake:3  | 33343 ||| Stepping ~*~*~tactically~*~*~ (retreating).
 33345 | Snake:3  | 33345 ||| Stepping ~*~*~tactically~*~*~ (retreating).
 33362 | Snake:3  | 33362 ||| Stepping ~*~*~tactically~*~*~ (retreating).
 33363 | Snake:3  | 33363 ||| Stepping ~*~*~tactically~*~*~ (retreating).
 33364 | Snake:3  | 33364 ||| Stepping ~*~*~tactically~*~*~ (retreating).
 33371 | Snake:3  | Reached skill level 21 in Fighting
 33448 | Snake:3  | 33448 ||| INVOKING Heroism.
 33547 | Snake:3  | 33547 ||| Stepping ~*~*~tactically~*~*~ (retreating).
 33548 | Snake:3  | 33548 ||| Stepping ~*~*~tactically~*~*~ (retreating).
 33560 | Snake:3  | 33560 ||| INVOKING Heroism.
 33787 | Snake:3  | 33787 ||| RETREEAATING.
 33789 | Snake:3  | 33789 ||| Stepping ~*~*~tactically~*~*~ (retreating).
 33792 | Snake:3  | 33792 ||| Stepping ~*~*~tactically~*~*~ (retreating).
 33793 | Snake:3  | 33793 ||| Stepping ~*~*~tactically~*~*~ (retreating).
 33794 | Snake:3  | 33794 ||| Stepping ~*~*~tactically~*~*~ (retreating).
 33795 | Snake:3  | 33795 ||| Stepping ~*~*~tactically~*~*~ (retreating).
 33796 | Snake:3  | 33796 ||| Stepping ~*~*~tactically~*~*~ (retreating).
 33797 | Snake:3  | 33797 ||| Stepping ~*~*~tactically~*~*~ (retreating).
 33798 | Snake:3  | 33798 ||| Stepping ~*~*~tactically~*~*~ (retreating).
 33954 | Snake:3  | 33954 ||| RETREEAATING.
 33955 | Snake:3  | 33955 ||| STILL RETREEAATING.
 33957 | Snake:3  | 33957 ||| RETREEAATING.
 33965 | Snake:3  | 33965 ||| INVOKING Heroism.
 33976 | Snake:3  | 33976 ||| Stepping ~*~*~tactically~*~*~ (retreating).
 33980 | Snake:3  | 33980 ||| Stepping ~*~*~tactically~*~*~ (retreating).
 34217 | Snake:3  | Received a gift from Okawaru
 34340 | Snake:3  | 34340 ||| INVOKING Heroism.
 34489 | Snake:3  | 34489 ||| RETREEAATING.
 34491 | Snake:3  | 34491 ||| RETREEAATING.
 34493 | Snake:3  | 34493 ||| INVOKING Heroism.
 34496 | Snake:3  | 34496 ||| Stepping ~*~*~tactically~*~*~ (retreating).
 34497 | Snake:3  | 34497 ||| RETREEAATING.
 34498 | Snake:3  | 34498 ||| Stepping ~*~*~tactically~*~*~ (retreating).
 34499 | Snake:3  | 34499 ||| Stepping ~*~*~tactically~*~*~ (retreating).
 34554 | Snake:3  | Found Vepotzesh's Weapon Shoppe.
 34799 | Snake:3  | 34799 ||| PLANNING SHOALS:4
 34799 | Snake:3  | 34799 ||| DROPPING +1 pair of gloves.
 34987 | Shoals:4 | Entered Level 4 of the Shoals
 35086 | Shoals:4 | 35086 ||| RETREEAATING.
 35087 | Shoals:4 | 35087 ||| STILL RETREEAATING.
 35124 | Shoals:4 | 35124 ||| INVOKING Heroism.
 35133 | Shoals:4 | Received a gift from Okawaru
 35138 | Shoals:4 | Reached XP level 19. HP: 60/137 MP: 26/26
 35138 | Shoals:4 | 35138 ||| INVOKING Finesse.
 35147 | Shoals:4 | HP: 34/137 [merfolk javelineer/silver javelin (1)]
 35148 | Shoals:4 | 35148 ||| READING 2 scrolls of teleportation.
 35149 | Shoals:4 | 35149 ||| DRINKING potion of heal wounds.
 35195 | Shoals:4 | 35195 ||| INVOKING Heroism.
 35196 | Shoals:4 | 35196 ||| INVOKING Finesse.
 35247 | Shoals:4 | 35247 ||| INVOKING Heroism.
 35259 | Shoals:4 | Reached skill level 12 in Dodging
 35287 | Shoals:4 | 35287 ||| INVOKING Heroism.
 35433 | Shoals:4 | Identified the ring of False Hope {Fly rCorr Dex+2}
 35446 | Shoals:4 | 35446 ||| INVOKING Heroism.
 35467 | Shoals:4 | 35467 ||| INVOKING Heroism.
 35578 | Shoals:4 | 35578 ||| INVOKING Heroism.
 35754 | Shoals:4 | 35754 ||| INVOKING Heroism.
 35923 | Shoals:4 | 35923 ||| INVOKING Heroism.
 35946 | Shoals:4 | 35946 ||| INVOKING Heroism.
 36379 | Shoals:4 | 36379 ||| INVOKING Heroism.
 36551 | Shoals:4 | 36551 ||| INVOKING Heroism.
 36597 | Shoals:4 | Got a barnacled rune of Zot
 36638 | Shoals:4 | Found Haymon's Dragon-Slaying Spoils.
 36645 | Shoals:4 | 36645 ||| SHOPLISTING quicksilver dragon scales (1140 gold,
                  | have 293).
 36695 | Shoals:4 | Identified the staff "Hasafo" {*Slow Str-4 Dex+9 Conj Air}
 36747 | Shoals:4 | 36747 ||| PLANNING VAULTS:1-4
 36747 | Shoals:4 | 36747 ||| DROPPING +2 hat.
 36748 | Shoals:4 | 36748 ||| DROPPING +6 ring of strength.
 36962 | Vaults:1 | Entered Level 1 of the Vaults
 36963 | Vaults:1 | 36963 ||| INVOKING Heroism.
 36964 | Vaults:1 | 36964 ||| STAIRDANCE
 37063 | Vaults:1 | 37063 ||| RETREEAATING.
 37068 | Vaults:1 | 37068 ||| Stepping ~*~*~tactically~*~*~ (retreating).
 37152 | Vaults:1 | 37152 ||| RETREEAATING.
 37153 | Vaults:1 | 37153 ||| STILL RETREEAATING.
 37154 | Vaults:1 | 37154 ||| STILL RETREEAATING.
 37155 | Vaults:1 | 37155 ||| STILL RETREEAATING.
 37156 | Vaults:1 | 37156 ||| STILL RETREEAATING.
 37159 | Vaults:1 | 37159 ||| STILL RETREEAATING.
 37160 | Vaults:1 | 37160 ||| FLEEEEING.
 37161 | Vaults:1 | 37161 ||| FLEEEEING.
 37162 | Vaults:1 | 37162 ||| FLEEEEING.
 37163 | Vaults:1 | 37163 ||| FLEEEEING.
 37164 | Vaults:1 | 37164 ||| STILL RETREEAATING.
 37165 | Vaults:1 | 37165 ||| STILL RETREEAATING.
 37166 | Vaults:1 | 37166 ||| STILL RETREEAATING.
 37167 | Vaults:1 | 37167 ||| Stepping ~*~*~tactically~*~*~ (retreating).
 37168 | Vaults:1 | 37168 ||| Stepping ~*~*~tactically~*~*~ (retreating).
 37169 | Vaults:1 | 37169 ||| Stepping ~*~*~tactically~*~*~ (retreating).
 37170 | Vaults:1 | 37170 ||| Stepping ~*~*~tactically~*~*~ (retreating).
 37171 | Vaults:1 | 37171 ||| Stepping ~*~*~tactically~*~*~ (retreating).
 37180 | Vaults:1 | 37180 ||| INVOKING Heroism.
 37186 | Vaults:1 | 37186 ||| Stepping ~*~*~tactically~*~*~ (retreating).
 37193 | Vaults:1 | Reached skill level 22 in Fighting
 37365 | Vaults:1 | 37365 ||| INVOKING Heroism.
 37382 | Vaults:1 | HP: 1/139 [stone giant (42)]
 37382 | Vaults:1 | Demolished by a vault guard

Levels and vault maps discovered:
D:1:      dpeg_arrival_three_same_balls, layout_loops_ring, minivault_4,
          supply_closet_lemuel
D:2:      layout_basic, serial_shops, shop, shop, nicolae_diamond_shop,
          minmay_misc_feat_rugged, grunt_ministairs_9, minmay_misc_feat_tiny,
          kennysheep_generic_room_8
D:3:      layout_basic, serial_forest, infiniplex_forest_end_2,
          infiniplex_forest_zigzag_1, infiniplex_forest_lined_1,
          infiniplex_forest_clump_medium, infiniplex_forest_diagonal,
          minmay_misc_feat_hallway, corexii_item_surrounded_by_moat
D:4:      layout_loops_ring, slow_altar_2, lemuel_coloured_pillars_altar,
          serial_shops, nicolae_shop_tiny_statue_garden, shop,
          nicolae_shop_self_help, uniq_crazy_yiuf_cottage, uniq_eustachio
D:5:      layout_rooms, nicolae_yredelemnul_ghost_church,
          chequers_serial_rivers_micro_d, uniq_duvessa, uniq_sigmund
D:6:      layout_layer_cave, serial_shops, shop
D:7:      gammafunk_the_bubble [the_bubble_gammafunk_split], layout_loops_ring,
          minmay_temple_entry_statues_pillars, uniq_maggie, uniq_joseph
D:8:      layout_loops_corners, mainiacjoe_overflow_alcove_1,
          serial_bayou_pond_b
D:9:      layout_basic, mainiacjoe_overflow_six_doors_small,
          hellmonk_lair_entry_icy, enter_bailey_5
D:10:     layout_basic, mainiacjoe_overflow_divided_tiny, tgw_sif, serial_bayou,
          serial_bayou_crossing, serial_bayou_shore_a, serial_bayou_shore_b,
          serial_bayou_lagoon_a, uniq_josephine, uniq_amaemon, uniq_maurice,
          uniq_lodul
D:11:     layout_loops_ring, zombieorc1_lemuel
D:12:     layout_loops_ring, serial_demonic, serial_demonic_e, serial_demonic_a,
          serial_demonic_g, serial_demonic_a, serial_demonic_b,
          serial_demonic_g, uniq_nessos
D:13:     layout_irregular_city, ximxim_vaults_locker_room
D:14:     layout_loops_cross, skrybe_limestone_x
D:15:     gammafunk_depths_entry_grave, layout_rooms, gammafunk_ghost_spectres,
          nicolae_houndstooth_variations
Temple:   dpeg_chambers_temple
Lair:1:   layout_chaotic_city, maelrawn_ghost_gauntlet_escape,
          chequers_serial_rivers_micro_a, minivault_27, minivault_26,
          grunt_forest_small_clearing_treed, infiniplex_staircase_pool
Lair:2:   layout_chaotic_city, minmay_shoals_entry_centaurs,
          hangedman_lair_generics_rect, lemuel_fruit_fields
Lair:3:   layout_layer_cave, nicolae_snake_entry_squirm,
          pdpol_lair_cabin_in_the_woods
Lair:4:   nzn_winding_woodlands_small [nzn_winding_woodlands_5x15_split_checker,
          nzn_winding_woodlands_center_garden, nzn_winding_woodlands_5x15_eye],
          layout_big_grid, uniq_kirke
Lair:5:   wormcave, layout_regular_city, hangedman_lair_caniforms_friends,
          slime_entry_1
Shoals:1: layout_shoals, ldierk_geyser
Shoals:2: layout_shoals, uniq_ilsuiw, uniq_donald
Shoals:3: layout_shoals, nicolae_shoals_flooded_hall
Shoals:4: shoals_end_hangedman, layout_shoals, nicolae_shop_dragon_depot
Snake:1:  layout_gridlike, serial_shops, nicolae_shop_window_shopping, shop,
          shop, nicolae_shop_crystal, grunt_megastairs_1
Snake:2:  layout_misc_corridors, minmay_shop_grove, grunt_megastairs_5,
          uniq_vashnia, uniq_aizul
Snake:3:  layout_honeycomb, serial_shops, nicolae_shop_stone
Orc:1:    layout_diamond_mine, portal_ice_cave_entry_pillars_2
Orc:2:    pubby_orc_utopia
Vaults:1: gammafunk_ghost_mausoleum, nicolae_vaults_sesquioval_fish,
          vaults_room_guarded_vault, nicolae_vaults_house_2, v_misc_28,
          nicolae_vaults_tetromino_Z_1, nicolae_vaults_frosty_reception,
          v_misc_25, v_misc_16, dpeg_vaults_monster_box, layout_vaults_omnigrid

Skill      XL: |  1  2  3  4  5  6  7  8  9 10 11 12 13 14 15 16 17 18 19 |
---------------+----------------------------------------------------------+-----
Ranged Weapons | 5 6 8 9 11 13 15 16 17 20 | 20.0
Fighting       | 3 5 6 7 8 10 12 13 14 17 19 21 22 | 22.0
Armour         | 1 2 3 4 5 6 8 9 10 12 13 | 13.5
Dodging        | 3 4 5 6 7 8 9 10 11 12 | 12.0
Invocations    | 2 4 5 10 | 10.0
Stealth        | |  1.1

Action                     |  1- 3 |  4- 6 |  7- 9 | 10-12 | 13-15 | 16-18 | 19-21 || total
---------------------------+-------+-------+-------+-------+-------+-------+-------++-------
   Fire: Shortbow          |   109 |   213 |   448 |       |       |       |       ||   770
         Orcbow            |       |       |    11 |   798 |   797 |       |       ||  1606
         Longbow           |       |       |       |       |  1173 |  2124 |   363 ||  3660
 Invoke: Heroism           |       |       |     3 |    36 |    37 |    52 |    14 ||   142
         Finesse           |       |       |       |       |     2 |     3 |     2 ||     7
    Use: Scroll            |     2 |    12 |     5 |     8 |     8 |     6 |     1 ||    42
         Potion            |     1 |     1 |     3 |     4 |     6 |     2 |     1 ||    18
 Armour: Leather armour    |    33 |       |       |       |       |       |       ||    33
         Ring mail         |       |   102 |   211 |   336 |   705 |   740 |   118 ||  2212
  Dodge: Dodged            |    26 |   106 |   392 |   505 |  1255 |  1395 |   159 ||  3838

Table legend:
 A = Non-vault XP
 B = Vault XP
 C = Vault XP percentage of total XP
 D = Non-vault monster count
 E = Vault monster count
 F = Vault count percentage of total count
                 A         B        C        D         E       F
            +---------+---------+-------+---------+---------+-------
      Total |  232382 |  118916 |  33.9 |     754 |     447 |  37.2
            +---------+---------+-------+---------+---------+-------
        D:1 |      31 |       0 |   0.0 |      17 |       0 |   0.0
        D:2 |      50 |       8 |  13.8 |      13 |       3 |  18.8
        D:3 |      44 |       0 |   0.0 |      16 |       0 |   0.0
        D:4 |     439 |     181 |  29.2 |      30 |       2 |   6.2
        D:5 |     533 |     511 |  48.9 |      14 |       5 |  26.3
        D:6 |     412 |       0 |   0.0 |       7 |       0 |   0.0
        D:7 |    1355 |     455 |  25.1 |      36 |       1 |   2.7
        D:8 |    1977 |     312 |  13.6 |      17 |       1 |   5.6
        D:9 |    2511 |    1958 |  43.8 |       9 |      16 |  64.0
       D:10 |    2768 |    4388 |  61.3 |      28 |      15 |  34.9
       D:11 |    1126 |     666 |  37.2 |      11 |      28 |  71.8
       D:12 |    6672 |    4815 |  41.9 |      30 |      11 |  26.8
       D:13 |    5111 |    2830 |  35.6 |      16 |      11 |  40.7
       D:14 |   13084 |       0 |   0.0 |      29 |       0 |   0.0
       D:15 |   13361 |    5900 |  30.6 |      29 |       8 |  21.6
     Lair:1 |    4791 |       0 |   0.0 |      20 |       0 |   0.0
     Lair:2 |    9448 |    4112 |  30.3 |      36 |      13 |  26.5
     Lair:3 |   10615 |    1764 |  14.2 |      40 |       6 |  13.0
     Lair:4 |    6421 |    9406 |  59.4 |      16 |      23 |  59.0
     Lair:5 |   11676 |   16159 |  58.1 |      46 |      72 |  61.0
   Shoals:1 |   23414 |       0 |   0.0 |      46 |       0 |   0.0
   Shoals:2 |   10491 |    3275 |  23.8 |      23 |       6 |  20.7
   Shoals:3 |   15892 |    5830 |  26.8 |      33 |      11 |  25.0
   Shoals:4 |   13035 |   15671 |  54.6 |      31 |      32 |  50.8
    Snake:1 |   25747 |    2599 |   9.2 |      53 |       4 |   7.0
    Snake:2 |   20997 |   11800 |  36.0 |      38 |      13 |  25.5
    Snake:3 |   20460 |       0 |   0.0 |      44 |       0 |   0.0
      Orc:1 |    1449 |      21 |   1.4 |      14 |       7 |  33.3
      Orc:2 |       0 |   22152 | 100.0 |       0 |     154 | 100.0
   Vaults:1 |    8472 |    4103 |  32.6 |      12 |       5 |  29.4
            +---------+---------+-------+---------+---------+-------
